Cogmind - Beta 10.2 @@@ ROGUE MODE // 2020.11.03 @ 20:11:06 // Halloween2020/ForbiddenLore Player: Terminus Result: Self-destructed Performance ------------- Evolutions (8) 4000 Regions Visited (41) 8200 Robots Destroyed (245) 1225 Value Destroyed (8449) 8449 Prototype IDs (56) 1120 Alien Tech Used (5) 1000 Bonus (6610) 6610 TOTAL SCORE: 30604 Bonus ------- High Alert Combat Kills 313 Follower Combat Kills 1826 Network Hubs Disabled 200 Met Data Miner 300 Met Imprinter 300 Destroyed Z-Imprinter 1000 Met Zhirov 300 Built Enhanced Grunts 300 A7 Reached Mainframe 300 Met R17 at Cetus 500 Used Core Reset Matrix 3000 Met R17 at Research 2000 Friendly Fire -3729 Cogmind --------- Core Integrity 1090/1450 Matter 220/300 Energy 2052/2060 System Corruption 7% Temperature Cool (8) Movement Hovering (58) Location -2/Section 7 Parts ------- > --- POWER (2) -------- Micro Fission Core Light Quantum Reactor > --- PROPULSION (4) --- Combat Antigrav System Combat Antigrav System Combat Linear Gravjet Combat Linear Gravjet > --- UTILITY (15) ----- Advanced Cooling System Large Storage Unit Large Storage Unit Large Storage Unit Advanced Energy Well Experimental Energy Well Zionite Metafield Generator Experimental Sensor Array Experimental Signal Interpreter Improved Armor Integrity Analyzer Experimental Transmission Jammer Medium Regenerative Plating Improved Force Field Advanced Hacking Suite Advanced Hacking Suite > --- WEAPON (3) ------- Gamma Rifle Gamma Rifle Cooled Plasma Cannon > --- INVENTORY (22) --- Quantum Reactor Quantum Reactor Quantum Reactor Combat Antigrav System Combat Antigrav System Advanced Cooling System Advanced Energy Well (800) Advanced Particle Charger Centrium Medium Armor Plating Dimensional Node Initializer High-powered Transdimensional Reconstructor High-powered Transdimensional Reconstructor Integrity Redistributor Subatomic Replicator Advanced Variable Charge Gun Heavy Neutron Cannon Potential Cannon Gamma Bomb Array Improved Remote Datajack Improved Plasma Cutter Peak State ------------ > --- POWER ------------ Micro Fission Core Light Quantum Reactor > --- PROPULSION ------- Combat Antigrav System Combat Antigrav System Combat Linear Gravjet Combat Linear Gravjet > --- UTILITY ---------- Advanced Cooling System Large Storage Unit Large Storage Unit Large Storage Unit Advanced Energy Well Experimental Energy Well Zionite Metafield Generator Experimental Sensor Array Experimental Signal Interpreter Improved Armor Integrity Analyzer Experimental Transmission Jammer Medium Regenerative Plating Improved Force Field Advanced Hacking Suite Advanced Hacking Suite > --- WEAPON ----------- Gamma Rifle Gamma Rifle Cooled Plasma Cannon > --- INVENTORY -------- Quantum Reactor Quantum Reactor Quantum Reactor Combat Antigrav System Combat Antigrav System Advanced Cooling System Advanced Energy Well Advanced Particle Charger Centrium Medium Armor Plating Dimensional Node Initializer High-powered Transdimensional Reconstructor High-powered Transdimensional Reconstructor Integrity Redistributor Subatomic Replicator Advanced Variable Charge Gun Heavy Neutron Cannon Potential Cannon Gamma Bomb Array Improved Remote Datajack Improved Plasma Cutter [Rating: 179] Favorites ----------- Power Micro Fission Core Engine Improved Deuterium Engine Power Core Micro Fission Core Reactor Antimatter Reactor Propulsion Combat Antigrav System Leg Carbon-fiber Leg Hover Unit Combat Antigrav System Utility Large Storage Unit Device Experimental Sensor Array Storage Large Storage Unit Processor Experimental Signal Interpreter Hackware Makeshift Hacking Suite Protection Medium Regenerative Plating Weapon Improved EM Pulse Cannon Energy Gun Shock Rifle Energy Cannon Improved EM Pulse Cannon Ballistic Gun Assault Rifle Launcher Heavy Shock Bomb Launcher Special Weapon Improved Remote Datajack Slashing Weapon Katana Piercing Weapon CR-A16's Pointy Stick Build | -11 -10 -10 -9 -9 -9 -8 -8 -7 -7 -7 -7 -7 -7 -6 -6 -6 -6 -6 -6 -6 -6 -5 -5 -5 -5 -5 -5 -5 -4 -4 -4 -4 -4 -4 -4 -4 -3 -3 -2 -2 -2 ------- Run | Scr Mat Min Mat Min Exi Min Mat Fac Was Fac Low Low Dat Pro Fac Was Fac Low Low Zio Dee Pro Fac Was Fac Upp Upp Zhi Pro Fac Was Fac Ext Cet Arc Hub Res Tes Res Qua Sec Slots Evolved 16 | . . . 2 . . . 2 2 . . . . . . 2 . . . . . . . 2 . . . . . . 2 . . . . . . 2 . 2 . . Power 1 | . . . . . . . . . . . . . . . . . . . . . . . 1 . . . . . . . . . . . . . . . . . . Propulsion 2 | . . . . . . . 1 . . . . . . . 1 . . . . . . . . . . . . . . . . . . . . . . . . . . Utility 13 | . . . 2 . . . 1 2 . . . . . . 1 . . . . . . . 1 . . . . . . 2 . . . . . . 2 . 2 . . Weapon . | . . . . . . . . . . . . . . . . . . . . . . . . . . . . . . . . . . . . . . . . . . Parts Attached 397 | 7 6 3 15 7 . 7 13 32 . 22 4 3 9 4 20 . 24 . 4 5 15 9 14 7 17 5 6 10 4 21 . 7 11 21 4 8 13 13 10 17 . Power 48 | 1 . . 2 1 . 1 1 3 . 3 1 . . 1 4 . 1 . . . 3 . 3 . 2 . 1 2 . 2 . 1 . 5 1 1 . 1 4 3 . Engine 20 | 1 . . 2 1 . 1 1 3 . 3 1 . . 1 2 . . . . . 1 . 2 . . . . . . . . . . . . . . . 1 . . Core 9 | . . . . . . . . . . . . . . . . . . . . . . . . . 1 . 1 . . 1 . . . 3 . . . 1 1 1 . Reactor 19 | . . . . . . . . . . . . . . . 2 . 1 . . . 2 . 1 . 1 . . 2 . 1 . 1 . 2 1 1 . . 2 2 . Propulsion 41 | 2 3 . 4 . . 3 4 4 . 5 . . . . 3 . 3 . . . . . . . 4 . . . . . . . . . . . 2 2 . 2 . Treads . | . . . . . . . . . . . . . . . . . . . . . . . . . . . . . . . . . . . . . . . . . . Leg 14 | 2 3 . 1 . . 3 4 1 . . . . . . . . . . . . . . . . . . . . . . . . . . . . . . . . . Wheel . | . . . . . . . . . . . . . . . . . . . . . . . . . . . . . . . . . . . . . . . . . . Hover 27 | . . . 3 . . . . 3 . 5 . . . . 3 . 3 . . . . . . . 4 . . . . . . . . . . . 2 2 . 2 . Flight . | . . . . . . . . . . . . . . . . . . . . . . . . . . . . . . . . . . . . . . . . . . Utility 136 | 2 3 . 3 . . 1 4 13 . 4 2 1 3 2 3 . 11 . 2 . 5 3 6 5 6 2 3 5 2 7 . 3 5 5 2 3 7 3 3 7 . Device 71 | . . . 3 . . 1 2 5 . 2 1 1 2 1 1 . 4 . 1 . 2 1 5 4 4 1 2 4 1 3 . . 3 2 1 1 6 1 3 3 . Storage 15 | 2 3 . . . . . 1 2 . 1 . . . . . . . . . . . . . . . . . . . . . 2 . . . 1 . 2 . 1 . Processor 4 | . . . . . . . . 1 . . . . . . . . 2 . . . . . . . . . . . . . . . . . 1 . . . . . . Hackware 10 | . . . . . . . . 1 . . . . . . 1 . 1 . . . 2 . . . 1 . . . . 1 . . . 1 . 1 . . . 1 . Protection 36 | . . . . . . . 1 4 . 1 1 . 1 1 1 . 4 . 1 . 1 2 1 1 1 1 1 1 1 3 . 1 2 2 . . 1 . . 2 . Artifact . | . . . . . . . . . . . . . . . . . . . . . . . . . . . . . . . . . . . . . . . . . . Weapon 172 | 2 . 3 6 6 . 2 4 12 . 10 1 2 6 1 10 . 9 . 2 5 7 6 5 2 5 3 2 3 2 12 . 3 6 11 1 4 4 7 3 5 . Energy Gun 27 | 1 . 2 5 2 . 1 4 4 . 5 . . . . . . . . . . . . . . . . . . . . . . . 1 . . . . . 2 . Energy Cannon 81 | . . . . . . . . 5 . 2 . . 3 1 9 . 8 . 1 4 4 4 2 . 2 . 2 2 . 10 . 3 4 4 1 1 1 5 2 1 . Ballistic Gun 6 | 1 . . 1 1 . . . . . . . . . . . . . . . . . 2 1 . . . . . . . . . . . . . . . . . . Ballistic Cannon . | . . . . . . . . . . . . . . . . . . . . . . . . . . . . . . . . . . . . . . . . . . Launcher 26 | . . 1 . 3 . . . 1 . . . 1 2 . . . 1 . 1 1 2 . . 1 . 2 . . 2 . . . 1 2 . 3 . 1 1 . . Special Weapon 12 | . . . . . . . . . . . . . . . 1 . . . . . 1 . . . 1 . . 1 . 1 . . 1 3 . . 1 . . 2 . Impact Weapon . | . . . . . . . . . . . . . . . . . . . . . . . . . . . . . . . . . . . . . . . . . . Slashing Weapon 13 | . . . . . . 1 . 2 . 3 1 1 1 . . . . . . . . . . . . . . . . 1 . . . 1 . . 1 1 . . . Piercing Weapon 7 | . . . . . . . . . . . . . . . . . . . . . . . 2 1 2 1 . . . . . . . . . . 1 . . . . Special Melee Weapon . | . . . . . . . . . . . . . . . . . . . . . . . . . . . . . . . . . . . . . . . . . . Unidentified Prototypes 24 | . . . 2 . . . 1 1 . 1 . 1 . . 1 . 1 . . 1 2 . . . . . . 5 . 1 . 1 . 2 . . . 2 . 2 . Parts Lost 54 | . . 1 2 3 . 6 2 . . . 1 . 4 2 . . 1 . . . 5 4 2 . 1 . . . . 1 . . 5 1 . 2 . 7 2 2 . Power 13 | . . . . 1 . 2 . . . . 1 . . 1 . . . . . . 2 . 1 . . . . . . . . . . 1 . 1 . 2 1 . . Propulsion 2 | . . . . . . 1 1 . . . . . . . . . . . . . . . . . . . . . . . . . . . . . . . . . . Utility 14 | . . . . . . 1 1 . . . . . 1 . . . 1 . . . . 2 1 . . . . . . . . . 3 . . 1 . 2 . 1 . Weapon 25 | . . 1 2 2 . 2 . . . . . . 3 1 . . . . . . 3 2 . . 1 . . . . 1 . . 2 . . . . 3 1 1 . Highest Loss Streak 5 | . . 1 2 2 . 4 2 . . . 1 . 3 2 . . 1 . . . 5 3 2 . 1 . . . . 1 . . 2 1 . 1 . 4 2 2 . Average Slot Usage (%) 98 | . 100 100 98 95 88 85 97 100 100 99 98 92 88 89 100 100 99 100 100 98 99 99 99 100 99 100 100 94 100 100 100 100 99 99 100 99 99 97 86 96 100 Engine 4 | . 14 14 11 10 11 9 8 7 7 6 6 7 7 7 6 6 3 . . . . . 9 5 2 . . . . . . . . . . . . . 1 . . Core 1 | . . . . . . . . . . . . . . . . . . . . . . . . . 2 5 8 8 5 1 . . . 4 5 5 4 4 2 4 4 Reactor 3 | . . . . . . . . . . . . . . . . . 2 6 6 6 5 6 1 5 5 5 2 1 5 8 10 10 10 5 5 4 4 3 3 4 4 Leg 4 | . 28 28 . . . 18 26 19 . . . . . . . . . . . . . . . . . . . . . . . . . . . . . . . . . Hover 17 | . . . 22 22 22 3 . 3 23 22 23 21 21 21 25 25 25 25 25 25 25 25 22 22 22 22 22 22 22 20 20 20 20 20 20 20 17 18 16 15 16 Device 13 | . . . 21 19 11 10 15 14 15 14 13 14 10 13 11 12 11 12 11 12 11 10 11 11 10 10 10 10 10 15 15 15 14 14 11 9 16 18 16 18 20 Storage 19 | . 28 28 22 22 22 22 27 23 23 23 23 21 21 21 18 18 18 18 18 18 18 18 16 16 16 16 16 16 16 15 15 15 15 15 15 15 15 16 16 17 20 Processor 5 | . . . . . . . . 7 7 7 7 7 7 7 6 6 6 6 6 6 6 6 5 5 5 5 5 5 5 5 5 5 5 5 8 10 9 9 8 8 8 Hackware 9 | . . . . . . . . 1 7 7 7 7 7 7 12 12 12 12 12 12 12 12 11 11 15 16 16 16 16 15 15 15 15 15 15 14 13 9 8 11 8 Protection 2 | . . . . . . . . 5 . . . . 2 . . . . . . . . 1 4 5 . . . . . 4 5 5 5 5 5 5 2 4 4 3 4 Energy Gun 3 | . 14 10 16 17 . 8 18 3 7 6 7 7 3 . . . . . . . . . . . . . . . . . . . . . . . . . . 2 8 Energy Cannon 7 | . . . . . . . . 9 . . . . 3 . 16 18 17 18 16 16 12 11 11 11 12 6 8 2 11 12 10 10 9 2 4 3 7 6 7 5 4 Ballistic Gun 1 | . 14 14 5 . 11 11 . . . . . . . . . . . . . . . 5 3 . . . . . . . . . . . . . . . . . . Slashing Weapon 1 | . . . . . . . . 1 7 6 7 6 4 7 . . . . . . . . . . . . . . . 2 5 5 . 2 5 5 3 3 . . . Naked Turns . | . . . . . . . . . . . . . . . . . . . . . . . . . . . . . . . . . . . . . . . . . . Heaviest Build 122 | 16 56 42 45 44 44 47 65 85 66 66 69 70 78 69 84 84 98 91 97 91 96 89 99 99 99 102 98 85 100 111 111 111 120 119 110 102 115 122 122 120 120 Greatest Support 124 | 20 20 20 44 44 44 44 45 66 66 66 66 66 66 66 94 94 100 100 100 100 100 100 100 100 120 120 120 120 120 120 120 120 120 120 120 120 120 124 124 124 124 Greatest Overweight (x) 2 | 2 2 2 1 . . 2 2 2 . 1 1 1 1 1 . . 1 . . . . . . . . . . . . . . . . . . . . . . 1 . Average Overweight (x) . | . . 1 . . . 1 1 . . . . . . . . . . . . . . . . . . . . . . . . . . . . . . . . . . Largest Inventory Capacity 22 | 8 18 16 16 16 16 16 22 22 22 22 22 22 22 22 22 22 22 22 22 22 22 22 22 22 22 22 22 22 22 22 22 22 22 22 22 22 22 22 22 22 22 Average Capacity 20 | 6 10 16 16 16 16 16 21 22 22 22 22 22 22 22 22 22 22 22 22 22 22 22 22 22 22 22 22 22 22 22 22 22 22 22 22 22 22 22 22 22 22 Most Carried 22 | 2 14 14 14 16 15 15 21 22 22 22 22 22 22 19 20 20 22 21 21 22 22 21 20 22 22 22 22 22 22 22 22 22 21 22 22 22 19 22 22 22 21 Average Carried 19 | 1 7 13 11 15 15 12 16 21 22 21 21 22 19 18 18 20 21 21 21 21 21 20 19 21 21 21 21 21 21 21 22 21 19 21 22 21 18 21 20 20 20 Final Capacity 22 | 8 16 16 16 16 16 16 22 22 22 22 22 22 22 22 22 22 22 22 22 22 22 22 22 22 22 22 22 22 22 22 22 22 22 22 22 22 22 22 22 22 22 Final Carried 22 | 2 12 14 14 15 15 12 21 22 22 22 22 22 19 19 20 20 21 21 21 22 21 21 19 22 22 22 22 22 22 22 22 21 20 22 22 21 19 21 21 20 21 Class Distribution -------------------- 27% | Hacker-Mutant 25% | Hauler-Mutant 17% | Scavenger-Mutant 12% | Machinist-Mutant 6% | Mutant Dominant Class ---------------- Mutant | -10/Materials Mutant | -10/Mines Scavenger-Mutant | -9/Materials Scavenger-Mutant | -9/Mines Scavenger-Mutant | -9/Exiles Scavenger-Mutant | -8/Mines Scavenger-Mutant | -8/Materials Hauler-Mutant | -7/Factory Hauler-Mutant | -7/Waste Hauler-Mutant | -7/Factory Hauler-Mutant | -7/Lower Caves Hauler-Mutant | -7/Lower Caves Hauler-Mutant | -7/Data Miner Hauler-Mutant | -6/Proximity Caves Hauler-Mutant | -6/Factory Hauler-Mutant | -6/Waste Hauler-Mutant | -6/Factory Machinist-Mutant | -6/Lower Caves Machinist-Mutant | -6/Lower Caves Machinist-Skirmisher | -6/Zion Machinist-Mutant | -6/Deep Caves Machinist-Mutant | -5/Proximity Caves Machinist-Mutant | -5/Factory Machinist-Mutant | -5/Waste Hacker-Mutant | -5/Factory Hacker-Mutant | -5/Upper Caves Hacker-Mutant | -5/Upper Caves Hacker-Mutant | -5/Zhirov Hacker-Mutant | -4/Proximity Caves Hacker-Mutant | -4/Factory Hacker-Mutant | -4/Waste Hacker-Mutant | -4/Factory Hacker-Mutant | -4/Extension Commander-Mutant | -4/Cetus Hacker-Mutant | -4/Archives Hacker-Mutant | -4/Hub_04(d) Hacker-Mutant | -3/Research Scavenger-Mutant | -3/Testing Scavenger-Mutant | -2/Research Hacker-Mutant | -2/Quarantine Scavenger-Mutant | -2/Section 7 Resources | -11 -10 -10 -9 -9 -9 -8 -8 -7 -7 -7 -7 -7 -7 -6 -6 -6 -6 -6 -6 -6 -6 -5 -5 -5 -5 -5 -5 -5 -4 -4 -4 -4 -4 -4 -4 -4 -3 -3 -2 -2 -2 ----------- Run | Scr Mat Min Mat Min Exi Min Mat Fac Was Fac Low Low Dat Pro Fac Was Fac Low Low Zio Dee Pro Fac Was Fac Upp Upp Zhi Pro Fac Was Fac Ext Cet Arc Hub Res Tes Res Qua Sec Matter Collected 6074 | 276 213 75 206 215 . 282 115 272 66 197 58 66 85 24 76 . 500 . 119 76 182 123 113 151 112 262 128 . 208 130 . 226 369 300 52 202 139 165 40 251 . Remotely . | . . . . . . . . . . . . . . . . . . . . . . . . . . . . . . . . . . . . . . . . . . Salvage Created 10296 | 73 781 107 367 760 . 217 508 519 . 309 105 34 187 44 76 . 600 . 91 . 194 155 153 . 146 527 158 . 216 356 . . 613 460 . 1412 47 421 298 362 . Parts 519 | 3 71 4 28 48 . 12 22 41 . 16 1 6 7 5 7 . 25 . 1 . 24 7 3 . 10 25 4 . 10 13 . . 15 24 . 40 . 11 13 23 . Haulers Intercepted 9 | . 2 . 2 . . . 3 1 . . . . . . . . . . . . . . . . . . . . . . . . . . . . . . 1 . . Recyclers Shooed 13 | . 1 . . . . . 2 2 . . . . . . 1 . 1 . . . . . . . . . . . . . . . . . . 2 . 3 1 . . Parts Field Recycled . | . . . . . . . . . . . . . . . . . . . . . . . . . . . . . . . . . . . . . . . . . . Retrieved Matter . | . . . . . . . . . . . . . . . . . . . . . . . . . . . . . . . . . . . . . . . . . . Parts Self-Destructed 28 | . . . . . . . . . . . . 5 . 5 . . . . 1 1 . 3 . . . 6 . . 7 . . . . . . . . . . . . Prevented 31 | . . . . . . . . . . . . . . . . . . . . . . 2 . . . 13 7 . 9 . . . . . . . . . . . . Kills | -11 -10 -10 -9 -9 -9 -8 -8 -7 -7 -7 -7 -7 -7 -6 -6 -6 -6 -6 -6 -6 -6 -5 -5 -5 -5 -5 -5 -5 -4 -4 -4 -4 -4 -4 -4 -4 -3 -3 -2 -2 -2 ------- Run | Scr Mat Min Mat Min Exi Min Mat Fac Was Fac Low Low Dat Pro Fac Was Fac Low Low Zio Dee Pro Fac Was Fac Upp Upp Zhi Pro Fac Was Fac Ext Cet Arc Hub Res Tes Res Qua Sec Combat Hostiles Destroyed 152 | . 15 2 7 25 . 9 3 8 . 1 1 3 2 4 1 . 5 . 3 . 3 2 2 . 2 12 2 . 3 4 . . 8 4 . 10 . 3 5 3 . Melee 2 | . . . . . . 1 . . . . . . . . . . . . . . . . . . . . . . . . . . . . . 1 . . . . . Guns 39 | . 15 1 7 7 . 5 3 . . . . . . . . . . . . . . 1 . . . . . . . . . . . . . . . . . . . Cannons 35 | . . . . . . . . 5 . 1 . . . 4 1 . 4 . . . 1 1 2 . 2 1 1 . . 3 . . 5 . . . . . 1 3 . AOE 53 | . . 1 . 18 . 3 . 3 . . 1 3 . . . . . . 2 . 2 . . . . 9 . . 2 . . . . . . 5 . . 4 . . Classes Destroyed 21 | 1 7 2 . 2 . . 2 1 . . 3 . . . . . . . . . 1 . . . . . . . . . . . 1 . . . . . . 1 . Worker 13 | . 2 . 1 2 . . . 3 . 1 . . . . . . 1 . . . . . . . . . . . . . . . . . . 3 . . . . . Builder 9 | . 1 . . 4 . . . 2 . . . . . . . . . . . . . . . . 1 . . . . . . . . . . 1 . . . . . Tunneler 11 | . . . . 6 . 1 1 . . 1 . . . . . . . . . . . . . . . . . . . . . . . . . 1 1 . . . . Hauler 9 | . 2 . 2 . . . 3 1 . . . . . . . . . . . . . . . . . . . . . . . . . . . . . . 1 . . Recycler 12 | 1 1 1 . 1 . . 2 . . 1 . . . . . . 1 . . . . . . . . . . . . . . . . . . 3 . 1 . . . Minesweeper 1 | . . . . . . . . . . . 1 . . . . . . . . . . . . . . . . . . . . . . . . . . . . . . Mechanic 1 | . . . . . . . . . . . . . . . . . . . . . . . . . . . . . . . . . . . . . . . . 1 . Operator 8 | . 1 . 1 . . . . 2 . 2 . . . . . . 1 . . . . . . . . . . . . . . . . . . . . . . 1 . Watcher 21 | . 2 . 1 . . . 1 1 . 1 . . . . 1 . 2 . . . . . 1 . . . . . . 4 . . . 1 . 2 1 1 . 2 . Swarmer 45 | . 6 . 2 8 . 4 . 5 . . . 3 . 4 . . . . . . . . . . . 8 . . . . . . . . . . . . 5 . . Grunt 55 | . 9 . 5 15 . 5 . . . . . . . . . . . . 3 . . 2 . . . 4 1 . 3 . . . . . . 5 . 3 . . . Duelist 1 | . . . . 1 . . . . . . . . . . . . . . . . . . . . . . . . . . . . . . . . . . . . . Sentry 16 | . . . . . . . 2 2 . . . . . . . . 3 . . . . . . . . . 1 . . 2 . . 3 . . 3 . . . . . Demolisher 2 | . . 1 . . . . . . . . . . . . . . . . . . . . . . . . . . . 1 . . . . . . . . . . . Hunter 5 | . . . . . . . 1 . . . . . . . . . . . . . . . . . . . . . . . . . 2 . . 2 . . . . . Programmer 14 | . . . . . . . . 1 . 1 . . . . 1 . 2 . . . . . 2 . 2 . . . . 1 . . 1 . . . . . . 3 . Behemoth 2 | . . . . . . . . . . . . . . . . . . . . . . . . . . . . . . . . . 2 . . . . . . . . Cetus Guard 4 | . . . . . . . . . . . . . . . . . . . . . . . . . . . . . . . . . . 4 . . . . . . . Enhanced Grunt 2 | . . . . . . . . . . . . . 2 . . . . . . . . . . . . . . . . . . . . . . . . . . . . Z-Technician 5 | . . . . . . . . . . . . . . . . . . . . . 5 . . . . . . . . . . . . . . . . . . . . Z-Light 2 | . . . . . . . . . . . . . . . . . . . . . 2 . . . . . . . . . . . . . . . . . . . . Tinkerer 1 | . . . . . . . . . . . 1 . . . . . . . . . . . . . . . . . . . . . . . . . . . . . . Thief 1 | . . . . . . . . . . . 1 . . . . . . . . . . . . . . . . . . . . . . . . . . . . . . Assembled 2 | . . 1 . 1 . . . . . . . . . . . . . . . . . . . . . . . . . . . . . . . . . . . . . Martyr 1 | . . . . . . . . . . 1 . . . . . . . . . . . . . . . . . . . . . . . . . . . . . . . Best Kill Streak 20 | 1 10 1 4 12 . 5 4 4 . 2 1 3 2 4 1 . 1 . 3 . 3 2 2 . 1 4 1 . 3 2 . . 2 5 . 20 2 4 5 3 . Combat Bots Only 10 | . 4 1 4 5 . 4 1 4 . 1 1 3 2 4 1 . 1 . 3 . 3 2 2 . 1 4 1 . 3 2 . . 2 4 . 10 . 3 5 3 . Max Kills in Single Turn 3 | 1 1 1 2 3 . 3 1 2 . 1 1 2 1 1 1 . 1 . 2 . 1 1 1 . 1 2 1 . 1 1 . . 1 2 . 2 2 1 2 1 . Gunslinging 1 | . . . . 1 . . . . . . . . . . . . . . . . . . . . . . . . . . . . . . . . . . . . . Exploded 3 | . . 1 . 2 . 3 . 2 . . 1 2 . . . . . . 2 . 1 . . . . 2 . . 1 . . . . . . 1 . . 2 . . Melee 1 | . . . . . . 1 . . . . . . . . . . . . . . . . . . . . . . . . . . . . . 1 . . . . . Uniques/NPCs Destroyed 2 | . . . . . . . . . . . . . . . . . . . . . 1 . . . . . . . . . . . . 1 . . . . . . . Z-Imprinter (-6/Deep Caves) A7 (-4/Cetus) Combat | -11 -10 -10 -9 -9 -9 -8 -8 -7 -7 -7 -7 -7 -7 -6 -6 -6 -6 -6 -6 -6 -6 -5 -5 -5 -5 -5 -5 -5 -4 -4 -4 -4 -4 -4 -4 -4 -3 -3 -2 -2 -2 -------- Run | Scr Mat Min Mat Min Exi Min Mat Fac Was Fac Low Low Dat Pro Fac Was Fac Low Low Zio Dee Pro Fac Was Fac Upp Upp Zhi Pro Fac Was Fac Ext Cet Arc Hub Res Tes Res Qua Sec Damage Taken 11981 | . 267 283 282 605 . 586 264 545 . . 78 88 372 459 30 . 294 . 88 . 900 329 366 . 291 278 127 . 165 326 . 193 1050 206 75 931 . 1032 698 773 . Core 1638 | . 47 105 72 145 . 107 12 54 . . . 44 43 71 . . 30 . 3 . 35 59 20 . 22 68 . . 18 25 . 24 82 70 . 108 . 132 121 121 . Absorbed by Shields 161 | . . . . . . . . . . . . . . . . . . . . . . . . . . . . . . . . . 63 52 . . . . . 46 . Core Remaining (%) 72 | 100 . 39 . . . 19 97 . . . . . . 69 . . . . . . . 85 . . . . . . 87 . . . . . . 63 . 89 . . . Volleys Fired 815 | 2 51 16 31 45 . 29 30 35 7 4 14 2 7 9 23 . 32 6 12 . 57 8 20 . 18 19 17 1 4 60 . 8 58 31 8 32 11 51 20 35 2 Largest 3 | 2 2 2 2 2 . 2 2 2 1 2 1 1 2 1 3 . 3 1 2 . 2 1 3 . 3 1 2 1 1 3 . 2 2 2 1 1 2 3 2 3 2 Hottest 324 | 60 60 60 90 90 . 103 112 138 50 130 50 36 138 90 220 . 228 90 150 . 155 75 163 . 203 80 138 40 80 236 . 144 210 126 35 105 167 324 226 230 150 Shots Fired 1170 | 4 99 25 59 61 . 48 60 57 7 6 14 2 9 9 28 . 56 6 16 . 62 8 37 . 30 19 22 1 4 84 . 11 88 34 7 31 15 58 30 60 3 Gun 395 | 4 99 23 59 38 . 44 60 24 7 2 14 . . . . . . . . . . 2 7 . . . . . . . . . . . . . . . . 10 2 Cannon 585 | . . . . . . . . 31 . 4 . . 4 6 27 . 56 6 8 . 31 6 30 . 30 4 18 . 1 79 . 11 61 10 7 15 14 50 27 48 1 Launcher 114 | . . 2 . 23 . 4 . 2 . . . 2 5 3 . . . . 8 . 6 . . . . 15 4 . 3 . . . 4 6 . 16 . 8 3 . . Special 76 | . . . . . . . . . . . . . . . 1 . . . . . 25 . . . . . . 1 . 5 . . 23 18 . . 1 . . 2 . Kinetic 125 | 2 51 10 27 1 . 25 . . . . . . . . . . . . . . . 2 7 . . . . . . . . . . . . . . . . . . Thermal 642 | 2 48 6 16 . . 19 60 30 . 4 . . . 6 25 . 28 6 . . 56 . 24 . 23 . 11 . . 47 . 4 52 16 7 15 10 49 27 50 1 Explosive 48 | . . 2 . 23 . 4 . . . . . 2 . 3 . . . . 8 . 6 . . . . . . . . . . . . . . . . . . . . Electromagnetic 322 | . . 7 16 37 . . . 27 7 2 14 . 9 . 2 . 28 . 8 . . 6 6 . 7 19 11 . 4 32 . 7 13 16 . 16 4 9 3 10 2 Robot Hit Streak 18 | 1 16 14 9 12 . 11 9 7 5 6 2 . 6 3 5 . 12 . 4 . 8 3 5 . 7 4 5 . 5 7 . 3 14 18 8 8 4 8 5 9 . Robot Miss Streak 6 | 1 4 1 6 4 . 6 5 3 1 1 5 . . 3 1 . 3 . 2 . 4 1 2 . 2 4 1 1 . 1 . 1 2 4 3 5 2 4 2 3 . Penetration Max 1 | . . . . . . . . . . . . . . . . . . . . . . 1 . . . . . . . . . . . . . . . . . . . Secondary Targets 4 | . 1 . 2 1 . . . . . . . . . . . . . . . . . . . . . . . . . . . . . . . . . . . . . Max Gunslinging Chain 1 | . 1 . 1 1 . . . . . . . . . . . . . . . . . . . . . . . . . . . . . . . . . . . . . Shots Hit Robots 634 | 2 63 17 42 39 . 41 38 37 6 14 16 . 5 3 6 . 27 . 6 . 28 6 16 . 16 6 7 . 2 31 . 5 65 21 3 16 5 18 8 19 . Core Hits 449 | 1 35 8 20 63 . 22 14 23 1 8 6 5 4 4 2 . 11 . 8 . 19 3 5 . 5 27 3 . 17 11 . 1 13 16 2 43 2 18 18 11 . Critical Hits 10 | . 1 . . . . . . 1 . 1 . . . . . . . . . . 2 2 . . . . . . . . . . 1 2 . . . . . . . Critical Kills 4 | . . . . . . . . 1 . . . . . . . . . . . . 2 1 . . . . . . . . . . . . . . . . . . . Critical Parts Destroyed 6 | . 1 . . . . . . . . 1 . . . . . . . . . . . 1 . . . . . . . . . . 1 2 . . . . . . . Melee Attacks 139 | . . . . . . 1 . 10 . 19 18 4 1 13 . . . . . . . . 2 . 25 4 7 . 7 8 . 6 . 6 . 4 1 3 . . . Impact . | . . . . . . . . . . . . . . . . . . . . . . . . . . . . . . . . . . . . . . . . . . Slashing 94 | . . . . . . 1 . 10 . 19 18 4 1 13 . . . . . . . . . . . . . . . 8 . 6 . 6 . 4 1 3 . . . Piercing 45 | . . . . . . . . . . . . . . . . . . . . . . . 2 . 25 4 7 . 7 . . . . . . . . . . . . Sneak Attacks 19 | . . . . . . . . 4 . 5 2 . 1 . . . . . . . . . . . 1 . . . . . . . . 6 . . . . . . . Combat Hostiles . | . . . . . . . . . . . . . . . . . . . . . . . . . . . . . . . . . . . . . . . . . . Follow-up Attacks . | . . . . . . . . . . . . . . . . . . . . . . . . . . . . . . . . . . . . . . . . . . Damage Inflicted 24137 | 40 743 215 575 2267 . 698 679 1463 6 737 754 151 261 329 112 . 946 . 568 . 1008 192 489 . 595 1000 267 . 470 956 . 143 1812 1321 169 2207 246 1022 919 777 . Guns 3578 | 40 743 162 575 478 . 351 679 200 6 32 73 . . . . . . . . . . 25 24 . . . . . . . . . . . . . . . . 190 . Cannons 8303 | . . . . . . . . 498 . 32 . . 73 152 112 . 946 . 183 . 196 167 465 . 454 75 149 . 28 956 . 143 1639 156 169 384 118 442 211 555 . Explosions 9183 | . . 53 . 1789 . 317 . 333 . . 66 151 85 177 . . . . 385 . 600 . . . . 925 118 . 442 . . . 173 460 . 1693 128 580 708 . . Melee 2663 | . . . . . . 30 . 432 . 673 615 . 103 . . . . . . . . . . . 141 . . . . . . . . 539 . 130 . . . . . Ramming . | . . . . . . . . . . . . . . . . . . . . . . . . . . . . . . . . . . . . . . . . . . Kinetic 1001 | 28 491 63 235 10 . 125 . . . . . . . . . . . . . . . 25 24 . . . . . . . . . . . . . . . . . . Thermal 8300 | 12 252 32 123 195 . 226 679 582 . 32 66 . . 152 66 . 230 . . . 408 . 298 . 358 79 . . 141 329 . . 1557 166 169 384 196 452 529 587 . Explosive 3277 | . . 53 . 1594 . 317 . . . . . 151 . 177 . . . . 385 . 600 . . . . . . . . . . . . . . . . . . . . Electromagnetic 8896 | . . 67 217 468 . . . 449 6 32 73 . 158 . 46 . 716 . 183 . . 167 167 . 96 921 267 . 329 627 . 143 255 616 . 1693 50 570 390 190 . Impact . | . . . . . . . . . . . . . . . . . . . . . . . . . . . . . . . . . . . . . . . . . . Slashing 2522 | . . . . . . 30 . 432 . 673 615 . 103 . . . . . . . . . . . . . . . . . . . . 539 . 130 . . . . . Piercing 141 | . . . . . . . . . . . . . . . . . . . . . . . . . 141 . . . . . . . . . . . . . . . . Highest Corruption 10 | . . . . . . . . . . 2 2 2 2 2 1 8 8 8 8 8 . . 4 4 6 6 6 6 6 . 5 7 9 10 10 10 . 7 1 7 7 Average Corruption 5 | . . . . . . . . . . 2 2 2 2 2 1 5 8 8 8 8 . . 3 4 4 6 6 6 6 . 5 5 8 9 10 10 . 3 1 3 7 Corruption Purged . | . . . . . . . . . . . . . . . . . . . . . . . . . . . . . . . . . . . . . . . . . . Effects 271 | . . . . . . . . . . 1 3 8 . 3 4 1 31 8 14 . . . 3 7 29 10 12 3 6 . 1 13 40 18 8 24 . 8 . 15 1 Message Errors 62 | . . . . . . . . . . . . 2 . 2 2 . 7 5 4 . . . . 4 6 3 3 1 1 . 1 5 4 5 . 2 . 3 . 2 . Matter Fused 55 | . . . . . . . . . . . . . . . . . 11 1 3 . . . 1 1 3 2 5 1 . . . 5 12 3 . 3 . 1 . 3 . Heat Flow Errors 23 | . . . . . . . . . . . . 1 . . . . 1 . 2 . . . 1 2 8 1 2 . 3 . . . 1 . 1 . . . . . . Energy Discharges 31 | . . . . . . . . . . 1 1 3 . . . 1 4 1 2 . . . 1 . 2 1 . . . . . 2 5 3 1 1 . . . 2 . Parts Rejected 1 | . . . . . . . . . . . . . . . . . . . . . . . . . 1 . . . . . . . . . . . . . . . . Data Loss (minor) 28 | . . . . . . . . . . . 1 1 . . 1 . 3 . 2 . . . . . 3 . 1 1 1 . . 1 5 1 2 3 . 1 . 1 . Data Loss (major) 5 | . . . . . . . . . . . . . . . . . . . . . . . . . . 1 . . . . . . 1 1 . 1 . . . 1 . Misfires 10 | . . . . . . . . . . . . . . . . . 2 . . . . . . . 2 1 . . . . . . 2 1 . 1 . . . 1 . Alerts 1 | . . . . . . . . . . . . . . . . . . . . . . . . . . . . . . . . . . . . 1 . . . . . Misdirections 7 | . . . . . . . . . . . . . . . . . . . . . . . . . . . . . . . . . . . 1 6 . . . . . Targeting Errors 38 | . . . . . . . . . . . 1 1 . 1 1 . 2 1 1 . . . . . 3 . 1 . 1 . . . 7 4 2 4 . 3 . 4 1 Weapon Failures 10 | . . . . . . . . . . . . . . . . . 1 . . . . . . . 1 1 . . . . . . 3 . 1 2 . . . 1 . Overload Shots 9 | . . . . . . . . . . . . . . . . . . . . . . . . . . . . . . . . . 2 . . 7 . . . . . Effects 1 | . . . . . . . . . . . . . . . . . . . . . . . . . . . . . . . . . . . . 1 . . . . . Short Circuit 1 | . . . . . . . . . . . . . . . . . . . . . . . . . . . . . . . . . . . . 1 . . . . . Overflow Damage 926 | . . . . 22 . 6 . 178 . . 107 . 43 57 . . 50 . 7 . 23 . 20 . 34 28 . . . 108 . 4 . 116 . 68 10 23 22 . . Projectiles 286 | . . . . . . . . . . . . . . . . . 50 . . . 7 . 20 . 24 24 . . . 108 . 4 . . . 5 10 21 13 . . Explosions 217 | . . . . 22 . 6 . 28 . . . . . 57 . . . . 7 . 16 . . . . 4 . . . . . . . 3 . 63 . 2 9 . . Melee 423 | . . . . . . . . 150 . . 107 . 43 . . . . . . . . . . . 10 . . . . . . . . 113 . . . . . . . Knockbacks . | . . . . . . . . . . . . . . . . . . . . . . . . . . . . . . . . . . . . . . . . . . Impact . | . . . . . . . . . . . . . . . . . . . . . . . . . . . . . . . . . . . . . . . . . . Kinetic . | . . . . . . . . . . . . . . . . . . . . . . . . . . . . . . . . . . . . . . . . . . Secondary . | . . . . . . . . . . . . . . . . . . . . . . . . . . . . . . . . . . . . . . . . . . Self-Inflicted Damage 487 | . . . . 133 . 25 . 27 . . . . . . . . . . 7 . 52 . . . . . . . . . . . . 9 . 179 . 47 8 . . Shots 26 | . . . . 5 . 1 . 1 . . . . . . . . . . 1 . 3 . . . . . . . . . . . . 1 . 5 . 8 1 . . Rammed . | . . . . . . . . . . . . . . . . . . . . . . . . . . . . . . . . . . . . . . . . . . Targets Rammed . | . . . . . . . . . . . . . . . . . . . . . . . . . . . . . . . . . . . . . . . . . . Kicked . | . . . . . . . . . . . . . . . . . . . . . . . . . . . . . . . . . . . . . . . . . . Crushed . | . . . . . . . . . . . . . . . . . . . . . . . . . . . . . . . . . . . . . . . . . . Highest Temperature 403 | . 36 . . 5 . 22 4 18 . . . 231 3 . 102 . 233 . 145 . 116 26 268 175 403 239 274 . 339 54 . 11 148 . 120 . . 30 63 18 . Average Temperature 63 | . 15 . . 3 . 8 4 9 . . . 110 3 . 50 . 48 . 39 . 40 11 123 89 83 54 77 . 128 19 . 8 58 . 66 . . 15 19 12 . Received Heat Transfer 1840 | . 108 . 120 202 . 270 45 42 . . . . 48 . . . 48 . 39 . 234 96 24 . 36 9 27 . 18 45 . 48 67 13 . 126 . 117 54 4 . Effects 7 | . . . . . . . . . . . . . . . . . . . . . . . . . 6 . . . 1 . . . . . . . . . . . . Shutdowns 1 | . . . . . . . . . . . . . . . . . . . . . . . . . 1 . . . . . . . . . . . . . . . . Interference 5 | . . . . . . . . . . . . . . . . . . . . . . . . . 5 . . . . . . . . . . . . . . . . Matter Decay 1 | . . . . . . . . . . . . . . . . . . . . . . . . . . . . . 1 . . . . . . . . . . . . Siege Activations . | . . . . . . . . . . . . . . . . . . . . . . . . . . . . . . . . . . . . . . . . . . Robots Corrupted 24 | . . . . . . . . . . . . . 2 . . . 2 . 1 . . . . . . 2 1 . 1 1 . . 2 5 . 4 . 3 . . . Combat Hostiles 21 | . . . . . . . . . . . . . 2 . . . 1 . 1 . . . . . . 2 1 . 1 1 . . 2 4 . 3 . 3 . . . Parts Fried 89 | . . . 1 2 . . . 1 . . . . 4 . . . 10 . 1 . . 3 . . . 8 4 . 1 9 . . 1 8 . 17 . 11 4 4 . Impact Corruptions . | . . . . . . . . . . . . . . . . . . . . . . . . . . . . . . . . . . . . . . . . . . Robots Melted 2 | . . . . . . . . . . . . . . . . . . . . . . . . . . . . . . . . . 1 . . 1 . . . . . Combat Hostiles 2 | . . . . . . . . . . . . . . . . . . . . . . . . . . . . . . . . . 1 . . 1 . . . . . Parts Melted 32 | . 1 . . . . . 3 2 . . . . . . . . . . . . 2 . 1 . 1 . . . . . . . 6 . . 6 . 1 1 8 . Heat Transferred 10705 | 25 575 75 275 200 . 525 1443 755 . 37 50 . . 100 74 . 259 . . . 766 . 333 . 407 100 . . 100 325 . . 1792 184 250 480 124 470 335 646 . Parts Sabotaged . | . . . . . . . . . . . . . . . . . . . . . . . . . . . . . . . . . . . . . . . . . . Parts Stolen . | . . . . . . . . . . . . . . . . . . . . . . . . . . . . . . . . . . . . . . . . . . Parts Stripped . | . . . . . . . . . . . . . . . . . . . . . . . . . . . . . . . . . . . . . . . . . . Power Chain Reactions 15 | . . . 1 2 . . . . . . 1 . . . . . . . . . . . . . . 2 . . 1 . . . 1 . . 3 1 2 1 . . Missiles Intercepted . | . . . . . . . . . . . . . . . . . . . . . . . . . . . . . . . . . . . . . . . . . . Alert | -11 -10 -10 -9 -9 -9 -8 -8 -7 -7 -7 -7 -7 -7 -6 -6 -6 -6 -6 -6 -6 -6 -5 -5 -5 -5 -5 -5 -5 -4 -4 -4 -4 -4 -4 -4 -4 -3 -3 -2 -2 -2 ------- Run | Scr Mat Min Mat Min Exi Min Mat Fac Was Fac Low Low Dat Pro Fac Was Fac Low Low Zio Dee Pro Fac Was Fac Upp Upp Zhi Pro Fac Was Fac Ext Cet Arc Hub Res Tes Res Qua Sec Peak Influence 897 | 5 280 67 288 517 . 218 230 619 249 219 . . . . 448 156 219 . . . . . 501 105 441 . . . . 645 240 718 445 596 226 897 554 621 591 390 159 Initial 470 | . 3 42 26 112 . . 84 30 190 132 . . . . 59 156 109 . . . . . 37 105 73 . . . . 84 225 168 253 . 158 79 470 10 196 332 144 Average 195 | 1 153 52 161 217 . 150 141 155 200 107 . . . . 207 156 116 . . . . . 191 105 126 . . . . 209 234 431 282 301 191 183 333 335 312 242 152 Maximum Alert Level 3 | . 1 . 1 2 . 1 1 2 1 1 . . . . 2 . 1 . . . . . 2 . 2 . . . . 2 1 3 2 2 1 3 2 2 2 1 . Low Security (%) 62 | 100 59 100 53 40 . 94 65 77 66 88 . . . . 67 100 88 . . . . . 62 100 84 . . . . 60 . 47 18 56 51 74 40 25 5 43 100 Level 1 22 | . 40 . 46 44 . 5 34 . 33 11 . . . . . . 11 . . . . . 14 . . . . . . 32 100 . 63 11 48 10 . 25 76 56 . Level 2 14 | . . . . 15 . . . 22 . . . . . . 32 . . . . . . . 23 . 15 . . . . 7 . 38 18 31 . 12 59 49 18 . . Level 3 . | . . . . . . . . . . . . . . . . . . . . . . . . . . . . . . . . 13 . . . 2 . . . . . Level 4 . | . . . . . . . . . . . . . . . . . . . . . . . . . . . . . . . . . . . . . . . . . . Level 5 . | . . . . . . . . . . . . . . . . . . . . . . . . . . . . . . . . . . . . . . . . . . High Security . | . . . . . . . . . . . . . . . . . . . . . . . . . . . . . . . . . . . . . . . . . . Max Security . | . . . . . . . . . . . . . . . . . . . . . . . . . . . . . . . . . . . . . . . . . . Squads Dispatched 52 | . 4 . 2 3 . . . 1 . 7 . . . . 3 . 4 . . . . . 2 . 4 . . . . 2 . 3 2 1 . 4 3 4 1 2 . Investigation 23 | . 2 . . 1 . . . . . 4 . . . . 2 . 2 . . . . . 1 . 3 . . . . 1 . 1 1 1 . . 2 1 1 . . Extermination 13 | . . . . . . . . 1 . 2 . . . . 1 . 2 . . . . . 1 . 1 . . . . 1 . 1 . . . . . 1 . 2 . Reinforcement 14 | . 2 . 2 2 . . . . . 1 . . . . . . . . . . . . . . . . . . . . . 1 . . . 3 1 2 . . . Assault 1 | . . . . . . . . . . . . . . . . . . . . . . . . . . . . . . . . . 1 . . . . . . . . Garrison 1 | . . . . . . . . . . . . . . . . . . . . . . . . . . . . . . . . . . . . 1 . . . . . Intercept . | . . . . . . . . . . . . . . . . . . . . . . . . . . . . . . . . . . . . . . . . . . Construction Impeded 4 | . . . . 2 . . . . . . . . . . . . . . . . . . . . . . . . . . . . . . . 1 . 1 . . . Haulers Reinforced . | . . . . . . . . . . . . . . . . . . . . . . . . . . . . . . . . . . . . . . . . . . Stealth | -11 -10 -10 -9 -9 -9 -8 -8 -7 -7 -7 -7 -7 -7 -6 -6 -6 -6 -6 -6 -6 -6 -5 -5 -5 -5 -5 -5 -5 -4 -4 -4 -4 -4 -4 -4 -4 -3 -3 -2 -2 -2 --------- Run | Scr Mat Min Mat Min Exi Min Mat Fac Was Fac Low Low Dat Pro Fac Was Fac Low Low Zio Dee Pro Fac Was Fac Upp Upp Zhi Pro Fac Was Fac Ext Cet Arc Hub Res Tes Res Qua Sec Distress Signals 23 | . 1 . 2 1 . . 1 . . . . . . . 1 . 1 . . . . . . . . . . . . . . 1 . 2 . 4 5 1 2 1 . Communications Jammed 28 | . . . . . . . . . . . . . . . . . . . . . . . . . . . . . . . . . . . . . 3 3 22 . . Distress Signals 28 | . . . . . . . . . . . . . . . . . . . . . . . . . . . . . . . . . . . . . 3 3 22 . . Times Spotted 334 | . 23 2 16 31 . 11 6 19 4 6 1 3 4 4 3 1 10 . 9 . 3 6 3 . 7 12 4 . 5 15 6 8 17 12 4 21 7 21 20 10 . Peak Tracking Total 13 | . 7 1 6 5 . 4 1 4 1 2 1 3 2 4 4 1 3 . 6 . 3 4 2 . 2 4 3 . 5 3 6 7 3 5 2 13 3 8 13 3 . Tactical Retreats 34 | . . . 1 4 . 1 . 1 . . . . 1 1 2 . . . 5 . . 1 . . 1 1 1 . 1 . . 2 . . . 4 . 5 1 1 . Traps | -11 -10 -10 -9 -9 -9 -8 -8 -7 -7 -7 -7 -7 -7 -6 -6 -6 -6 -6 -6 -6 -6 -5 -5 -5 -5 -5 -5 -5 -4 -4 -4 -4 -4 -4 -4 -4 -3 -3 -2 -2 -2 ------- Run | Scr Mat Min Mat Min Exi Min Mat Fac Was Fac Low Low Dat Pro Fac Was Fac Low Low Zio Dee Pro Fac Was Fac Upp Upp Zhi Pro Fac Was Fac Ext Cet Arc Hub Res Tes Res Qua Sec Traps Triggered 24 | . 2 . . . . . . 2 . 3 . 1 . . 1 . 2 . . . . . 1 . 1 . . . 1 3 . 1 2 . . 3 . . . 1 . Indirectly 3 | . . . . . . . . . . . . . . . . . . . . . . . . . . . . . . . . . . . . 3 . . . . . Trap Hack Attempts . | . . . . . . . . . . . . . . . . . . . . . . . . . . . . . . . . . . . . . . . . . . Triggered . | . . . . . . . . . . . . . . . . . . . . . . . . . . . . . . . . . . . . . . . . . . Disarmed . | . . . . . . . . . . . . . . . . . . . . . . . . . . . . . . . . . . . . . . . . . . Reprogrammed . | . . . . . . . . . . . . . . . . . . . . . . . . . . . . . . . . . . . . . . . . . . Reused 1 | . . . . . . . . . . . . . 1 . . . . . . . . . . . . . . . . . . . . . . . . . . . . Traps Extracted . | . . . . . . . . . . . . . . . . . . . . . . . . . . . . . . . . . . . . . . . . . . Installed 5 | . . . . . . . . . . . . . 3 . . . . . 2 . . . . . . . . . . . . . . . . . . . . . . Triggered 4 | . . . . . . . . . . . . . . 1 . . . . . . . . . . . . 2 . 1 . . . . . . . . . . . . Machines | -11 -10 -10 -9 -9 -9 -8 -8 -7 -7 -7 -7 -7 -7 -6 -6 -6 -6 -6 -6 -6 -6 -5 -5 -5 -5 -5 -5 -5 -4 -4 -4 -4 -4 -4 -4 -4 -3 -3 -2 -2 -2 ---------- Run | Scr Mat Min Mat Min Exi Min Mat Fac Was Fac Low Low Dat Pro Fac Was Fac Low Low Zio Dee Pro Fac Was Fac Upp Upp Zhi Pro Fac Was Fac Ext Cet Arc Hub Res Tes Res Qua Sec Machines Disabled 42 | . . . . 1 . . 1 3 . . 1 . . . . . 1 . . . 1 . . . 2 . . . . 3 . . 1 2 1 13 . 2 . 9 1 Max in Single Turn 11 | . . . . 1 . . 1 2 . . 1 . . . . . 1 . . . 1 . . . 1 . . . . 1 . . 1 1 1 11 . 1 . 1 1 Garrison Access 6 | . . . . . . . . 2 . . . . . . . . 1 . . . . . . . . . . . . . . . . . . 1 . . 1 1 . Network Hub 1 | . . . . . . . . . . . . . . . . . . . . . . . . . . . . . . . . . . . . 1 . . . . . Machines Sabotaged . | . . . . . . . . . . . . . . . . . . . . . . . . . . . . . . . . . . . . . . . . . . Garrisons Compromised . | . . . . . . . . . . . . . . . . . . . . . . . . . . . . . . . . . . . . . . . . . . Overloaded Fab Kills . | . . . . . . . . . . . . . . . . . . . . . . . . . . . . . . . . . . . . . . . . . . Fab Network Shutdowns 7 | . . . . . . . . 1 . . . . . . 1 . . . . . . . 1 . 1 . . . . 1 . 1 . . . . . 1 . . . Hacking | -11 -10 -10 -9 -9 -9 -8 -8 -7 -7 -7 -7 -7 -7 -6 -6 -6 -6 -6 -6 -6 -6 -5 -5 -5 -5 -5 -5 -5 -4 -4 -4 -4 -4 -4 -4 -4 -3 -3 -2 -2 -2 --------- Run | Scr Mat Min Mat Min Exi Min Mat Fac Was Fac Low Low Dat Pro Fac Was Fac Low Low Zio Dee Pro Fac Was Fac Upp Upp Zhi Pro Fac Was Fac Ext Cet Arc Hub Res Tes Res Qua Sec Machines Accessed 133 | . 4 . 4 1 1 1 2 7 . 8 1 1 4 . 7 . 15 . . 1 . . 2 . 11 . . 5 . 5 . 3 9 3 . 12 5 8 4 8 1 Terminals 90 | . 4 . 3 . . 1 . 4 . 5 . . . . 6 . 11 . . . . . 1 . 6 . . . . 4 . 2 9 3 . 11 4 6 3 6 1 Fabricators 13 | . . . . . . . . 1 . 2 . . . . 1 . 3 . . . . . 1 . 1 . . . . 1 . 1 . . . . . 2 . . . Repair Stations 6 | . . . . . . . 1 . . 1 . . . . . . . . . . . . . . 2 . . . . . . . . . . . 1 . . 1 . Recycling Units . | . . . . . . . . . . . . . . . . . . . . . . . . . . . . . . . . . . . . . . . . . . Scanalyzers 4 | . . . 1 . . . 1 . . . . . . . . . . . . . . . . . 2 . . . . . . . . . . . . . . . . Garrison Access 6 | . . . . . . . . 2 . . . . . . . . 1 . . . . . . . . . . . . . . . . . . 1 . . 1 1 . Total Hacks 406 | . 13 . 12 1 6 3 6 15 . 19 1 1 25 . 24 . 38 . . 4 . . 7 . 33 . . 18 . 13 . 12 20 8 . 30 22 33 13 28 1 Successful 280 | . 6 . 7 1 6 1 4 8 . 8 1 1 25 . 15 . 23 . . 4 . . 6 . 23 . . 18 . 7 . 10 10 6 . 24 19 22 5 19 1 Failed 126 | . 7 . 5 . . 2 2 7 . 11 . . . . 9 . 15 . . . . . 1 . 10 . . . . 6 . 2 10 2 . 6 3 11 8 9 . Catastrophic 17 | . . . 3 . . 1 . 2 . 4 . . . . 1 . 2 . . . . . . . . . . . . . . . . . . . . 2 1 1 . Database Lockouts . | . . . . . . . . . . . . . . . . . . . . . . . . . . . . . . . . . . . . . . . . . . Manual 213 | . 11 . 9 . . 3 . 5 . 7 . . . . 14 . 21 . . 5 . . 4 . 19 . . . . 8 . 6 15 1 . 22 14 20 10 18 1 Terminals 271 | . 13 . 10 . . 3 . 10 . 11 . . . . 21 . 28 . . . . . 4 . 17 . . . . 11 . 9 20 8 . 29 17 26 11 22 1 Fabricators 42 | . . . . . . . . 2 . 6 . . . . 3 . 9 . . . . . 3 . 7 . . . . 2 . 3 . . . . . 7 . . . Repair Stations 18 | . . . . . . . 2 . . 2 . . . . . . . . . . . . . . 4 . . . . . . . . . . . 5 . . 5 . Recycling Units . | . . . . . . . . . . . . . . . . . . . . . . . . . . . . . . . . . . . . . . . . . . Scanalyzers 11 | . . . 2 . . . 4 . . . . . . . . . . . . . . . . . 5 . . . . . . . . . . . . . . . . Garrison Access 8 | . . . . . . . . 3 . . . . . . . . 1 . . . . . . . . . . . . . . . . . . 1 . . 2 1 . Terminal Hacks 161 | . 2 . 3 1 6 . . 2 . 1 1 1 25 . 9 . 8 . . 4 . . 3 . 5 . . 18 . 4 . 5 9 6 . 13 11 12 1 11 . Record 31 | . . . . . 6 . . . . . . . 11 . 1 . . . . . . . . . . . . 6 . . . . . 5 . . . . . 2 . Part Schematic 22 | . . . . . . . . . . . . . 7 . 3 . 1 . . 4 . . . . 1 . . 4 . . . . . . . . . 2 . . . Robot Schematic 4 | . . . . . . . . . . . . . 4 . . . . . . . . . . . . . . . . . . . . . . . . . . . . Robot Analysis 4 | . . . . . . . . . . . . . . . . . . . . . . . . . . . . 4 . . . . . . . . . . . . . Prototype ID Bank 7 | . . . . . . . . . . . . . 3 . . . . . . . . . . . . . . 4 . . . . . . . . . . . . . Open Door 8 | . . . . 1 . . . . . . 1 1 . . . . . . . . . . . . . . . . . 1 . . 3 1 . . . . . . . Level Access Points 2 | . . . . . . . . . . . . . . . . . . . . . . . . . . . . . . . . . . . . 1 . . 1 . . Branch Access Points 8 | . . . . . . . . 1 . 1 . . . . 1 . . . . . . . 1 . 1 . . . . 1 . 1 . . . . 1 . . . . Machine Index 1 | . . . . . . . . . . . . . . . 1 . . . . . . . . . . . . . . . . . . . . . . . . . . Terminal Index 9 | . . . . . . . . 1 . . . . . . . . 1 . . . . . . . 1 . . . . 1 . 1 . . . 1 1 1 . 1 . Fabricator Index 7 | . . . . . . . . . . . . . . . 1 . 1 . . . . . 1 . 1 . . . . 1 . 1 . . . . 1 . . . . Repair Station Index 2 | . . . . . . . . . . . . . . . . . . . . . . . . . . . . . . . . . . . . . 1 1 . . . Garrison Index 1 | . . . . . . . . . . . . . . . . . . . . . . . . . . . . . . . . . . . . 1 . . . . . Alert Level 16 | . 1 . 1 . . . . . . . . . . . 1 . 2 . . . . . . . 1 . . . . . . 1 2 . . 2 1 2 . 2 . Unreport Threat 11 | . . . . . . . . . . . . . . . . . 1 . . . . . . . . . . . . . . . 3 . . . 3 2 . 2 . Investigation Status 1 | . . . . . . . . . . . . . . . . . . . . . . . . . . . . . . . . . . . . . . 1 . . . Recall Investigation 1 | . . . . . . . . . . . . . . . . . 1 . . . . . . . . . . . . . . . . . . . . . . . . Recall Extermination 2 | . . . . . . . . . . . . . . . . . 1 . . . . . . . . . . . . . . 1 . . . . . . . . . Recall Assault 1 | . . . . . . . . . . . . . . . . . . . . . . . . . . . . . . . . . 1 . . . . . . . . Zone Layout 23 | . 1 . 2 . . . . . . . . . . . 1 . . . . . . . 1 . . . . . . . . . . . . 8 3 3 . 4 . Fabricator Hacks 27 | . . . . . . . . 2 . 3 . . . . 2 . 5 . . . . . 2 . 4 . . . . 2 . 3 . . . . . 4 . . . Network Status 1 | . . . . . . . . . . . . . . . . . . . . . . . . . 1 . . . . . . . . . . . . . . . . Load Schematic 13 | . . . . . . . . 1 . 2 . . . . 1 . 3 . . . . . 1 . 1 . . . . 1 . 1 . . . . . 2 . . . Build 13 | . . . . . . . . 1 . 1 . . . . 1 . 2 . . . . . 1 . 2 . . . . 1 . 2 . . . . . 2 . . . Repair Station Hacks 16 | . . . . . . . 2 . . 2 . . . . . . . . . . . . . . 4 . . . . . . . . . . . 4 . . 4 . Scan Component 8 | . . . . . . . 1 . . 1 . . . . . . . . . . . . . . 2 . . . . . . . . . . . 2 . . 2 . Repair 7 | . . . . . . . . . . 1 . . . . . . . . . . . . . . 2 . . . . . . . . . . . 2 . . 2 . Refit 1 | . . . . . . . 1 . . . . . . . . . . . . . . . . . . . . . . . . . . . . . . . . . . Recycling Unit Hacks . | . . . . . . . . . . . . . . . . . . . . . . . . . . . . . . . . . . . . . . . . . . Scanalyzer 7 | . . . 2 . . . 2 . . . . . . . . . . . . . . . . . 3 . . . . . . . . . . . . . . . . Insert Component 4 | . . . 1 . . . 1 . . . . . . . . . . . . . . . . . 2 . . . . . . . . . . . . . . . . Analyze 3 | . . . 1 . . . 1 . . . . . . . . . . . . . . . . . 1 . . . . . . . . . . . . . . . . Garrison Access Hacks 6 | . . . . . . . . 2 . . . . . . . . 1 . . . . . . . . . . . . . . . . . . 1 . . 1 1 . Seal Access 6 | . . . . . . . . 2 . . . . . . . . 1 . . . . . . . . . . . . . . . . . . 1 . . 1 1 . Unauthorized Hacks 63 | . 4 . 2 . . 1 . 2 . 2 . . . . 4 . 9 . . . . . 1 . 7 . . . . 1 . 2 1 . . 10 4 6 3 3 1 Terminals 60 | . 4 . 2 . . 1 . 2 . 2 . . . . 4 . 9 . . . . . 1 . 4 . . . . 1 . 2 1 . . 10 4 6 3 3 1 Track 1 | . . . . . . . . . . . . . . . . . . . . . . . . . . . . . . . . . . . . . . 1 . . . Assimilate 8 | . . . . . . . . . . 1 . . . . . . 1 . . . . . . . . . . . . 1 . 1 . . . 2 1 . 1 . . Botnet 49 | . 4 . 2 . . 1 . 2 . 1 . . . . 4 . 8 . . . . . 1 . 4 . . . . . . 1 1 . . 6 3 5 2 3 1 Disrupt 2 | . . . . . . . . . . . . . . . . . . . . . . . . . . . . . . . . . . . . 2 . . . . . Fabricators 3 | . . . . . . . . . . . . . . . . . . . . . . . . . 3 . . . . . . . . . . . . . . . . Report 1 | . . . . . . . . . . . . . . . . . . . . . . . . . 1 . . . . . . . . . . . . . . . . Prioritize 1 | . . . . . . . . . . . . . . . . . . . . . . . . . 1 . . . . . . . . . . . . . . . . Siphon 1 | . . . . . . . . . . . . . . . . . . . . . . . . . 1 . . . . . . . . . . . . . . . . Repair Stations . | . . . . . . . . . . . . . . . . . . . . . . . . . . . . . . . . . . . . . . . . . . Recycling Units . | . . . . . . . . . . . . . . . . . . . . . . . . . . . . . . . . . . . . . . . . . . Scanalyzers . | . . . . . . . . . . . . . . . . . . . . . . . . . . . . . . . . . . . . . . . . . . Garrison Access . | . . . . . . . . . . . . . . . . . . . . . . . . . . . . . . . . . . . . . . . . . . Data Cores Recovered 3 | . . . . . . . . 2 . . . . . . . . 1 . . . . . . . . . . . . . . . . . . . . . . . . Used 1 | . . . . . . . . . . . . . . . . . 1 . . . . . . . . . . . . . . . . . . . . . . . . Hacking Detections 98 | . 4 . 3 . . 1 1 5 . 7 . . . . 7 . 13 . . . . . 2 . 9 . . . . 4 . 3 6 3 . 10 4 7 4 5 . Full Trace Events 16 | . . . . . . . . . . 3 . . . . 2 . 2 . . . . . . . 2 . . . . 1 . 1 1 1 . . 1 1 1 . . Feedback Events 3 | . . . . . . . . . . . . . . . 1 . 1 . . . . . . . . . . . . . . . . . . . . 1 . . . Corruption 1 | . . . . . . . . . . . . . . . 1 . . . . . . . . . . . . . . . . . . . . . . . . . . Hackware Fried 2 | . . . . . . . . . . . . . . . . . 1 . . . . . . . . . . . . . . . . . . . . 1 . . . Feedback Blocked . | . . . . . . . . . . . . . . . . . . . . . . . . . . . . . . . . . . . . . . . . . . Robot Schematics Acquired 4 | . . . . . . . . . . . . . 4 . . . . . . . . . . . . . . . . . . . . . . . . . . . . Robots Built . | . . . . . . . . . . . . . . . . . . . . . . . . . . . . . . . . . . . . . . . . . . Matter . | . . . . . . . . . . . . . . . . . . . . . . . . . . . . . . . . . . . . . . . . . . Time . | . . . . . . . . . . . . . . . . . . . . . . . . . . . . . . . . . . . . . . . . . . Total Robot Build Rating . | . . . . . . . . . . . . . . . . . . . . . . . . . . . . . . . . . . . . . . . . . . Part Schematics Acquired 25 | . . . 1 . . . 1 . . . . . 7 . 3 . 1 . . 4 . . . . 2 . . 4 . . . . . . . . . 2 . . . Parts Built 19 | . . . . . . . . 2 . 2 . . . . 2 . 3 . . . . . 1 . 4 . . . . . . 2 . . . . . 3 . . . Matter 3167 | . . . . . . . . 190 . 190 . . . . 212 . 497 . . . . . 212 . 448 . . . . 285 . 570 . . . . . 563 . . . Time 968 | . . . . . . . . 95 . 95 . . . . 53 . 129 . . . . . 106 . 192 . . . . 50 . 152 . . . . . 96 . . . Total Part Build Rating 120 | . . . . . . . . 10 . 10 . . . . 12 . 17 . . . . . 6 . 32 . . . . . . 10 . . . . . 23 . . . Parts Repaired 7 | . . . . . . . . . . 1 . . . . . . . . . . . . . . 2 . . . . . . . . . . . 2 . . 2 . Time 221 | . . . . . . . . . . 25 . . . . . . . . . . . . . . 81 . . . . . . . . . . . 44 . . 71 . Parts Recycled . | . . . . . . . . . . . . . . . . . . . . . . . . . . . . . . . . . . . . . . . . . . Recycled Matter . | . . . . . . . . . . . . . . . . . . . . . . . . . . . . . . . . . . . . . . . . . . Retrieved Matter . | . . . . . . . . . . . . . . . . . . . . . . . . . . . . . . . . . . . . . . . . . . Retrieved Components . | . . . . . . . . . . . . . . . . . . . . . . . . . . . . . . . . . . . . . . . . . . Parts Scanalyzed 3 | . . . 1 . . . 1 . . . . . . . . . . . . . . . . . 1 . . . . . . . . . . . . . . . . Part Schematics Acquired 3 | . . . 1 . . . 1 . . . . . . . . . . . . . . . . . 1 . . . . . . . . . . . . . . . . Parts Damaged . | . . . . . . . . . . . . . . . . . . . . . . . . . . . . . . . . . . . . . . . . . . Bothacking | -11 -10 -10 -9 -9 -9 -8 -8 -7 -7 -7 -7 -7 -7 -6 -6 -6 -6 -6 -6 -6 -6 -5 -5 -5 -5 -5 -5 -5 -4 -4 -4 -4 -4 -4 -4 -4 -3 -3 -2 -2 -2 ------------ Run | Scr Mat Min Mat Min Exi Min Mat Fac Was Fac Low Low Dat Pro Fac Was Fac Low Low Zio Dee Pro Fac Was Fac Upp Upp Zhi Pro Fac Was Fac Ext Cet Arc Hub Res Tes Res Qua Sec Used RIF Installer . | . . . . . . . . . . . . . . . . . . . . . . . . . . . . . . . . . . . . . . . . . . Robots Hacked 9 | . . . . . . . . . . . . . . . 1 . . . . . . . . . . . . 1 . . . . 4 2 . . 1 . . . . Non-combat 2 | . . . . . . . . . . . . . . . 1 . . . . . . . . . . . . . . . . . . 1 . . . . . . . Combat 7 | . . . . . . . . . . . . . . . . . . . . . . . . . . . . 1 . . . . 4 1 . . 1 . . . . Robot Hacks Applied 9 | . . . . . . . . . . . . . . . 1 . . . . . . . . . . . . 1 . . . . 4 2 . . 1 . . . . parse_system 8 | . . . . . . . . . . . . . . . . . . . . . . . . . . . . 1 . . . . 4 2 . . 1 . . . . find_chute 1 | . . . . . . . . . . . . . . . 1 . . . . . . . . . . . . . . . . . . . . . . . . . . Relay Couplers Released . | . . . . . . . . . . . . . . . . . . . . . . . . . . . . . . . . . . . . . . . . . . Robots Rewired 19 | . . . . . . . . 2 . . . . . . . . . . . . . . . . . . . . . 2 . . 15 . . . . . . . . Allies Hacked 1 | . . . . . . . . . . 1 . . . . . . . . . . . . . . . . . . . . . . . . . . . . . . . Hacks Repelled . | . . . . . . . . . . . . . . . . . . . . . . . . . . . . . . . . . . . . . . . . . . Allies | -11 -10 -10 -9 -9 -9 -8 -8 -7 -7 -7 -7 -7 -7 -6 -6 -6 -6 -6 -6 -6 -6 -5 -5 -5 -5 -5 -5 -5 -4 -4 -4 -4 -4 -4 -4 -4 -3 -3 -2 -2 -2 -------- Run | Scr Mat Min Mat Min Exi Min Mat Fac Was Fac Low Low Dat Pro Fac Was Fac Low Low Zio Dee Pro Fac Was Fac Upp Upp Zhi Pro Fac Was Fac Ext Cet Arc Hub Res Tes Res Qua Sec Total Allies 55 | . . . . . . . . 2 19 1 . . . . . . 1 . . 3 . . . . . . . . . 3 . 1 18 5 . 1 1 . . . . Largest Group 19 | . . . . . . . . 2 19 8 . . . . . . 1 1 1 3 3 . . . . . . . . 3 . 1 11 12 6 2 1 . . . . Highest-Rated Group 839 | . . . . . . . . 44 487 256 . . . . . . 26 26 26 87 87 . . . . . . . . 71 . 10 546 839 425 188 26 . . . . Highest-Rated Ally 156 | . . . . . . . . 32 35 35 . . . . . . 26 26 26 31 31 . . . . . . . . 49 . 10 156 156 94 94 26 . . . . Total Orders 4 | . . . . . . . . . . . . . . . . . 2 . . . . . . . . . . . . . . . . 2 . . . . . . . STAY 2 | . . . . . . . . . . . . . . . . . 1 . . . . . . . . . . . . . . . . 1 . . . . . . . FOLLOW 2 | . . . . . . . . . . . . . . . . . 1 . . . . . . . . . . . . . . . . 1 . . . . . . . Ally Attacks 447 | . . . . . . . . 19 149 42 . . . . . . . . . . 8 . . . . . . . . 16 . . 78 104 21 10 . . . . . Total Damage 13573 | . . . . . . . . 471 4753 688 . . . . . . . . . . 104 . . . . . . . . 439 . . 2566 3269 816 467 . . . . . Kills 52 | . . . . . . . . 2 13 5 . . . . . . . . . . 1 . . . . . . . . 2 . . 10 15 4 . . . . . . Allies Corrupted 1 | . . . . . . . . . . 1 . . . . . . . . . . . . . . . . . . . . . . . . . . . . . . . Allies Melted . | . . . . . . . . . . . . . . . . . . . . . . . . . . . . . . . . . . . . . . . . . . Intel | -11 -10 -10 -9 -9 -9 -8 -8 -7 -7 -7 -7 -7 -7 -6 -6 -6 -6 -6 -6 -6 -6 -5 -5 -5 -5 -5 -5 -5 -4 -4 -4 -4 -4 -4 -4 -4 -3 -3 -2 -2 -2 ------- Run | Scr Mat Min Mat Min Exi Min Mat Fac Was Fac Low Low Dat Pro Fac Was Fac Low Low Zio Dee Pro Fac Was Fac Upp Upp Zhi Pro Fac Was Fac Ext Cet Arc Hub Res Tes Res Qua Sec Robot Analysis Total 4 | . . . . . . . . . . . . . . . . . . . . . . . . . . . . 4 . . . . . . . . . . . . . Derelict Logs Recovered 10 | . . 1 . 2 . . . . . . 1 . . . . . . 3 1 1 . . . . . 1 . . . . . . . . . . . . . . . Drone Launches . | . . . . . . . . . . . . . . . . . . . . . . . . . . . . . . . . . . . . . . . . . . Drone Recoveries . | . . . . . . . . . . . . . . . . . . . . . . . . . . . . . . . . . . . . . . . . . . Exploration | -11 -10 -10 -9 -9 -9 -8 -8 -7 -7 -7 -7 -7 -7 -6 -6 -6 -6 -6 -6 -6 -6 -5 -5 -5 -5 -5 -5 -5 -4 -4 -4 -4 -4 -4 -4 -4 -3 -3 -2 -2 -2 ------------- Run | Scr Mat Min Mat Min Exi Min Mat Fac Was Fac Low Low Dat Pro Fac Was Fac Low Low Zio Dee Pro Fac Was Fac Upp Upp Zhi Pro Fac Was Fac Ext Cet Arc Hub Res Tes Res Qua Sec Turns Passed 19818 | 73 845 348 393 917 165 362 522 1685 190 1051 484 399 184 325 600 41 904 224 409 581 563 210 467 266 1051 420 321 131 243 968 48 416 987 445 103 335 472 589 299 753 29 Spaces Moved 17627 | 55 480 186 289 549 217 188 254 972 178 1051 533 381 167 242 520 60 892 310 451 776 513 258 270 369 1020 435 309 151 273 897 83 439 814 316 59 349 445 637 416 787 36 Core 19 | 19 . . . . . . . . . . . . . . . . . . . . . . . . . . . . . . . . . . . . . . . . . Treads . | . . . . . . . . . . . . . . . . . . . . . . . . . . . . . . . . . . . . . . . . . . Legs 1843 | 36 480 186 . . . 135 254 752 . . . . . . . . . . . . . . . . . . . . . . . . . . . . . . . . . Wheels . | . . . . . . . . . . . . . . . . . . . . . . . . . . . . . . . . . . . . . . . . . . Hover 15765 | . . . 289 549 217 53 . 220 178 1051 533 381 167 242 520 60 892 310 451 776 513 258 270 369 1020 435 309 151 273 897 83 439 814 316 59 349 445 637 416 787 36 Flight . | . . . . . . . . . . . . . . . . . . . . . . . . . . . . . . . . . . . . . . . . . . Fastest Speed 29 | 50 120 150 76 76 76 76 150 72 72 72 72 72 72 72 68 68 68 68 68 68 34 68 34 34 34 34 34 68 68 34 34 34 34 68 68 34 34 29 29 29 58 Average Speed 74 | 99 132 157 76 76 76 140 150 132 72 72 73 74 75 109 68 68 68 68 68 68 67 68 62 66 53 64 63 68 68 62 40 52 67 68 68 60 57 51 48 58 58 Slowest Speed 180 | 150 180 180 146 76 76 180 180 180 72 146 142 142 142 142 68 68 138 68 68 68 68 68 68 68 68 68 68 68 68 68 68 68 68 68 68 68 68 68 58 145 58 Overloaded Moves . | . . . . . . . . . . . . . . . . . . . . . . . . . . . . . . . . . . . . . . . . . . Propulsion Burnouts . | . . . . . . . . . . . . . . . . . . . . . . . . . . . . . . . . . . . . . . . . . . Robots Hopped . | . . . . . . . . . . . . . . . . . . . . . . . . . . . . . . . . . . . . . . . . . . Cave-ins Triggered 1 | . . . . . . . . . . . . . . . . . . . . . . . . . . . . . . . . . . . . . . . . 1 . Teleports 2 | . . . . . . . . . . . . . . . . . . . . . . . . . . . . . . . . 1 . . . . . . . 1 . Exploration Rate (%) 50 | 4 83 56 30 86 58 48 26 21 84 26 67 58 77 40 15 68 29 57 61 85 74 49 5 91 32 64 42 61 50 19 78 16 81 80 66 52 8 65 15 82 3 Regions Visited 41 Branch Regions 24 Pre-discovered Areas 9 | . . 1 . 1 1 . . . . . . . 1 . . . . 2 . . . . . . . . . 3 . . . . . . . . . . . . . Known Exits Taken 25 | . . . . . . . . . . 1 1 1 1 1 . . 1 1 1 1 1 1 . . 1 1 1 1 1 . . 1 1 1 1 1 1 1 1 1 . Unknown Exits Taken 8 | 1 1 1 1 1 1 1 1 . . . . . . . . . . . . . . . . . . . . . . . . . . . . . . . . . . Scrap Searched 18 | . . . . 1 . . . . . . 1 3 . 1 . . . 1 1 2 . 1 . . . 3 2 . 2 . . . . . . . . . . . . Spaces Dug 252 | . . . . . . . . 5 . 8 5 4 . 10 17 . 6 6 . . 17 . 4 . 20 4 15 . 7 37 . 10 1 . . 2 7 35 15 17 . Terrain Destroyed 878 | . . 7 3 138 . 33 . 27 . 9 11 20 . 32 20 . 17 6 79 . 40 . 5 . 20 10 15 . 25 44 . 10 37 . 1 157 19 46 25 22 . Melee 88 | . . . . . . . . 5 . 8 5 4 . 10 . . . . . . . . 2 . 20 4 7 . 7 8 . 6 . . . . 1 1 . . . Projectile 220 | . . . . . . . . . . 1 . . . 2 20 . 17 6 . . 14 . 3 . . . 8 . . 36 . 4 14 . 1 5 8 38 21 22 . AOE 570 | . . 7 3 138 . 33 . 22 . . 6 16 . 20 . . . . 79 . 26 . . . . 6 . . 18 . . . 23 . . 152 10 7 4 . . Terrain Rammed . | . . . . . . . . . . . . . . . . . . . . . . . . . . . . . . . . . . . . . . . . . . Walls Destroyed . | . . . . . . . . . . . . . . . . . . . . . . . . . . . . . . . . . . . . . . . . . . Machines Disabled . | . . . . . . . . . . . . . . . . . . . . . . . . . . . . . . . . . . . . . . . . . . Actions | -11 -10 -10 -9 -9 -9 -8 -8 -7 -7 -7 -7 -7 -7 -6 -6 -6 -6 -6 -6 -6 -6 -5 -5 -5 -5 -5 -5 -5 -4 -4 -4 -4 -4 -4 -4 -4 -3 -3 -2 -2 -2 --------- Run | Scr Mat Min Mat Min Exi Min Mat Fac Was Fac Low Low Dat Pro Fac Was Fac Low Low Zio Dee Pro Fac Was Fac Upp Upp Zhi Pro Fac Was Fac Ext Cet Arc Hub Res Tes Res Qua Sec Total 22884 | 66 591 216 401 987 216 231 331 1297 233 1312 583 487 213 272 734 59 1132 316 534 829 637 281 528 386 1453 547 394 179 310 1212 96 603 1176 484 113 430 637 837 482 1018 41 Wait 3503 | 1 40 9 48 378 . 6 17 195 47 184 8 94 19 3 166 . 152 1 66 39 49 4 220 2 350 77 52 2 21 200 14 137 265 93 38 34 168 114 27 161 2 Move 17589 | 54 479 185 288 548 216 187 253 972 177 1050 532 380 166 241 520 59 891 309 450 775 512 257 270 368 1019 434 308 150 272 897 82 438 813 315 58 348 444 636 415 785 36 Hop . | . . . . . . . . . . . . . . . . . . . . . . . . . . . . . . . . . . . . . . . . . . Pick Up 180 | 2 10 3 10 6 . 1 14 17 1 13 3 1 4 1 3 . 9 . . 3 4 3 2 4 10 4 1 3 1 6 . 1 3 7 2 2 . 9 5 11 1 Fast Attach 83 | 7 . . 3 . . . 4 3 . 10 . 2 . . 2 . 4 . . 5 . . 1 2 3 . 1 9 . 2 . 2 . 5 1 . 2 4 3 8 . Attach 75 | . . 1 5 3 . 5 3 2 . . 2 . 5 2 4 . 1 . . . 5 3 4 . 1 . . 1 . 3 . 1 5 2 . 2 2 4 3 6 . Detach 7 | . . . . . . . . . . . 1 . 1 1 . . . . . . . . . . 1 . . 1 . . . . . 1 . . . 1 . . . Swap 244 | . 6 2 7 4 . 2 6 27 . 12 2 2 4 2 14 . 19 . 4 . 10 6 9 5 13 5 5 1 4 16 . 5 6 14 3 6 9 5 4 5 . Drop 174 | . 5 . 9 3 . . 4 21 1 20 3 2 3 . 2 . 11 . . 7 . . . 5 13 4 2 11 1 6 . 5 . 10 3 2 . 10 5 6 . Fire 815 | 2 51 16 31 45 . 29 30 35 7 4 14 2 7 9 23 . 32 6 12 . 57 8 20 . 18 19 17 1 4 60 . 8 58 31 8 32 11 51 20 35 2 Melee 139 | . . . . . . 1 . 10 . 19 18 4 1 13 . . . . . . . . 2 . 25 4 7 . 7 8 . 6 . 6 . 4 1 3 . . . Ram . | . . . . . . . . . . . . . . . . . . . . . . . . . . . . . . . . . . . . . . . . . . Kick . | . . . . . . . . . . . . . . . . . . . . . . . . . . . . . . . . . . . . . . . . . . Crush . | . . . . . . . . . . . . . . . . . . . . . . . . . . . . . . . . . . . . . . . . . . Escape Stasis 54 | . . . . . . . . . . . . . . . . . 13 . . . . . . . . . . . . 14 . . 26 . . . . . . 1 . Rewire 16 | . . . . . . . . 15 . . . . . . . . . . . . . . . . . . 1 . . . . . . . . . . . . . . Trap 5 | . . . . . . . . . . . . . 3 . . . . . 2 . . . . . . . . . . . . . . . . . . . . . . Miscellaneous . | . . . . . . . . . . . . . . . . . . . . . . . . . . . . . . . . . . . . . . . . . . Route ------- -11/Scrapyard -10/Materials (discovered 4 exits: *Mat x3 / [*Min]) -10/Mines -9/Materials (discovered 2 exits: *Mat / *Min) -9/Mines (discovered 3 exits: *Mat x2 / *Exi) -9/Exiles -8/Mines -8/Materials -7/Factory (discovered 5 exits: *Fac / Sto x2 / *Low x2) -7/Waste -7/Factory (discovered 3 exits: *Sto / *Low x2) -7/Lower Caves -7/Lower Caves (discovered 2 exits: *Fac / *Dat) -7/Data Miner -6/Proximity Caves -6/Factory (discovered 2 exits: *Low x2) -6/Waste -6/Factory (discovered 3 exits: *Fac / *Low x2) -6/Lower Caves -6/Lower Caves (discovered 2 exits: *Fac / *Zio) -6/Zion (discovered 2 exits: *Dee / *Pro) -6/Deep Caves -5/Proximity Caves -5/Factory (discovered 2 exits: Upp x2) -5/Waste -5/Factory (discovered 2 exits: *Upp x2) -5/Upper Caves -5/Upper Caves (discovered 2 exits: *Fac / *Zhi) -5/Zhirov -4/Proximity Caves -4/Factory (discovered 6 exits: *Res x2 / *Upp x2 / *Ext x2) -4/Waste -4/Factory (discovered 5 exits: *Res / Upp x2 / *Ext x2) -4/Extension (discovered 2 exits: *Res / *Cet) -4/Cetus (discovered 2 exits: *Res / *Arc) -4/Archives (discovered 2 exits: *Hub x2) -4/Hub_04(d) (discovered 4 exits: *Res x4) -3/Research (discovered 3 exits: Arm / *Tes x2) -3/Testing -2/Research (discovered 4 exits: Acc x3 / *Qua) -2/Quarantine -2/Section 7 History --------- Turn | Location | Event 5 | -11/Scrapyard | Discovered new exit (range 16) 74 | -11/Scrapyard | Entered Materials 306 | -10/Materials | Build established: Mutant 314 | -10/Materials | Discovered new exit (range 9) 487 | -10/Materials | Discovered new exit (range 11) 611 | -10/Materials | Discovered new exit (range 13) 726 | -10/Materials | Discovered new exit (range 14) 919 | -10/Materials | Entered Mines 926 | -10/Mines | YI-UF0 nonchalantly dropped a Grenade Launcher on the ground 1025 | -10/Mines | Learned location of Storage (-7) 1030 | -10/Mines | Assembled infested the area 1076 | -10/Mines | Core integrity fell below 50% 1242 | -10/Mines | Discovered new exit (range 16) 1267 | -10/Mines | Entered Materials 1267 | -9/Materials | Evolved 2 slots: Utility x2 1519 | -9/Materials | Discovered new exit (range 15) 1569 | -9/Materials | Build established: Scavenger-Mutant 1641 | -9/Materials | Discovered new exit (range 8) 1660 | -9/Materials | Entered Mines 1739 | -9/Mines | Found a damaged Exp. Sensor Array with a note attached 1741 | -9/Mines | Found Prototype Device 1794 | -9/Mines | Excavation squad dispatched 1794 | -9/Mines | A large section of the Mines collapsed 2044 | -9/Mines | Excavation squad dispatched 2294 | -9/Mines | Excavation squad dispatched 2475 | -9/Mines | Core integrity fell below 50% 2492 | -9/Mines | Discovered new exit (range 10) 2494 | -9/Mines | Discovered new exit (range 16) 2509 | -9/Mines | Met a Derelict shopkeep closing up shop 2533 | -9/Mines | Learned location of Recycling (-7) 2574 | -9/Mines | Deemed a non-threat by the Exiles lab entrance 2574 | -9/Mines | Discovered new exit (range 5) 2577 | -9/Mines | Entered Exiles 2595 | -9/Exiles | Met 8R-AWN 2609 | -9/Exiles | Met EX-HEX 2639 | -9/Exiles | Met EX-DEC 2642 | -9/Exiles | Learned location of Zion (-6) 2736 | -9/Exiles | Discovered new exit (range 10) 2742 | -9/Exiles | Entered Mines 2830 | -8/Mines | Lost 4 parts (1p1n1u1w) 3076 | -8/Mines | Core integrity fell below 20% 3088 | -8/Mines | Discovered new exit (range 9) 3104 | -8/Mines | Entered Materials 3104 | -8/Materials | Evolved 2 slots: Propulsion x1, Utility x1 3199 | -8/Materials | Identified Exp. Sensor Array 3551 | -8/Materials | Discovered new exit (range 14) 3626 | -8/Materials | Entered Factory 3626 | -7/Factory | Evolved 2 slots: Utility x2 3627 | -7/Factory | Identified exit to Storage 3956 | -7/Factory | Identified exit to Lower Caves 4347 | -7/Factory | Build established: Hauler-Mutant 4436 | -7/Factory | Discovered new exit (range 15) 4457 | -7/Factory | Identified exit to Factory 4937 | -7/Factory | Local fabrication network quarantined 5025 | -7/Factory | Fabricated Cmb. Airjet? 5311 | -7/Factory | Sucked down chute 5311 | -7/Factory | Entered Waste 5317 | -7/Waste | Spotted C-40 Crusher 5332 | -7/Waste | Warlord forces began an assault 5352 | -7/Waste | Spotted C-40 Crusher 5363 | -7/Waste | Allies destroyed C-40 Crusher 5372 | -7/Waste | Spotted C-40 Crusher 5380 | -7/Waste | Allies destroyed C-40 Crusher 5395 | -7/Waste | Spotted C-40 Crusher 5402 | -7/Waste | Allies destroyed C-40 Crusher 5404 | -7/Waste | Spotted C-40 Crusher 5405 | -7/Waste | Spotted C-40 Crusher 5407 | -7/Waste | Allies destroyed C-40 Crusher 5417 | -7/Waste | Allies destroyed C-40 Crusher 5427 | -7/Waste | Allies destroyed C-40 Crusher 5447 | -7/Waste | Discovered new exit (range 16) 5485 | -7/Waste | Identified exit to Factory 5501 | -7/Waste | Entered Factory 5501 | -7/Factory | Accompanied by 8 allies 5501 | -7/Factory | Discovered exit to Lower Caves (range 12) 5551 | -7/Factory | Repaired Cmb. Airjet 6470 | -7/Factory | Fabricated Cmb. Airjet (x2) 6552 | -7/Factory | Entered Lower Caves 6944 | -7/Lower Caves | Discovered new exit (range 7) 6964 | -7/Lower Caves | Identified exit to Lower Caves 7000 | -7/Lower Caves | Learned location of 1 exit from Proximity Caves 7036 | -7/Lower Caves | Entered another Lower Caves area 7046 | -7/Lower Caves | Found Alien Artifact 7046 | -7/Lower Caves | Identified Core Expander 7046 | -7/Lower Caves | Installed Core Expander, added new Weapon slot 7147 | -7/Lower Caves | Discovered exit to Factory (range 10) 7168 | -7/Lower Caves | Encountered a Warlord checkpoint 7405 | -7/Lower Caves | Discovered new exit (range 15) 7414 | -7/Lower Caves | Identified exit to Data Miner 7435 | -7/Lower Caves | Entered Data Miner 7435 | -7/Data Miner | Discovered new exit (range 6) 7449 | -7/Data Miner | Met Data Miner 7463 | -7/Data Miner | Learned location of Section 7 (-2) 7463 | -7/Data Miner | Acquired the access code to Warlord's prototype stash 7473 | -7/Data Miner | Received God Mode back door access code from Data Miner 7516 | -7/Data Miner | Data Conduit disabled 7562 | -7/Data Miner | Lost 3 parts (1u2w) 7615 | -7/Data Miner | Identified exit to Proximity Caves 7619 | -7/Data Miner | Entered Proximity Caves 7944 | -6/Proximity Caves | Entered Factory 7944 | -6/Factory | Evolved 2 slots: Propulsion x1, Utility x1 7978 | -6/Factory | Identified exit to Lower Caves 8199 | -6/Factory | Fabricated Cmb. Gravmag System? 8350 | -6/Factory | Local fabrication network quarantined 8544 | -6/Factory | Sucked down chute 8544 | -6/Factory | Entered Waste 8559 | -6/Waste | EMP discharged 8567 | -6/Waste | Spotted C-40 Crusher 8570 | -6/Waste | Spotted C-40 Crusher 8572 | -6/Waste | Spotted C-40 Crusher 8574 | -6/Waste | Discovered new exit (range 16) 8584 | -6/Waste | Identified exit to Factory 8585 | -6/Waste | Entered Factory 8642 | -6/Factory | Discovered new exit (range 14) 8666 | -6/Factory | Identified exit to Factory 8849 | -6/Factory | Fabricated Exp. Signal Interpreter? 9107 | -6/Factory | Found Prototype Launcher 9107 | -6/Factory | Identified Scatter Rocket Array 9177 | -6/Factory | Discovered exit to Lower Caves (range 13) 9277 | -6/Factory | Fabricated Cmb. Gravmag System? 9398 | -6/Factory | Discovered exit to Lower Caves (range 15) 9466 | -6/Factory | Hacking Suite fried by hacking feedback 9489 | -6/Factory | Entered Lower Caves 9489 | -6/Lower Caves | Accompanied by 1 ally 9494 | -6/Lower Caves | Learned Factory garrison access intel 9569 | -6/Lower Caves | Learned location of Extension (-4) 9601 | -6/Lower Caves | Build established: Machinist-Mutant 9641 | -6/Lower Caves | Discovered new exit (range 6) 9665 | -6/Lower Caves | Encountered a Warlord checkpoint 9696 | -6/Lower Caves | Identified exit to Lower Caves 9713 | -6/Lower Caves | Entered another Lower Caves area 9713 | -6/Lower Caves | Accompanied by 1 ally 9714 | -6/Lower Caves | Discovered exit to Factory (range 16) 9847 | -6/Lower Caves | Attacked by a faux Warlord 10110 | -6/Lower Caves | Discovered new exit (range 14) 10116 | -6/Lower Caves | Learned Factory terminal intel 10119 | -6/Lower Caves | Identified exit to Zion 10122 | -6/Lower Caves | Entered Zion 10159 | -6/Zion | System corruption cleaned by Quarantine Array 10200 | -6/Zion | Acquired unknown access codes intercepted by a Zionite 10223 | -6/Zion | Discovered new exit (range 13) 10233 | -6/Zion | Identified exit to Proximity Caves 10476 | -6/Zion | Identified exit to Deep Caves 10535 | -6/Zion | Found CR-A16's Pointy Stick 10615 | -6/Zion | Gained Derelict followers 10661 | -6/Zion | Opened final containment barrier to the Deep Caves 10671 | -6/Zion | Build established: Machinist-Skirmisher 10672 | -6/Zion | Saw the warning signs outside the Deep Caves entrance 10703 | -6/Zion | Entered Deep Caves 10703 | -6/Deep Caves | Accompanied by 3 allies 10790 | -6/Deep Caves | Attacked by Z-Imprinter 10827 | -6/Deep Caves | Destroyed Z-Imprinter 10837 | -6/Deep Caves | Found Prototype Device 10838 | -6/Deep Caves | Identified Zio. Metafield Generator 10840 | -6/Deep Caves | Found Prototype Protection 10857 | -6/Deep Caves | Lost 5 parts (2p3w) 10988 | -6/Deep Caves | Z-Facility disabled 11043 | -6/Deep Caves | Build established: Machinist-Mutant 11168 | -6/Deep Caves | Discovered new exit (range 7) 11173 | -6/Deep Caves | Identified exit to Proximity Caves 11266 | -6/Deep Caves | Entered Proximity Caves 11312 | -5/Proximity Caves | Lost 3 parts (1u2w) 11367 | -5/Proximity Caves | Spotted B-75 Beast 11456 | -5/Proximity Caves | Discovered exit to Factory (range 6) 11476 | -5/Proximity Caves | Entered Factory 11476 | -5/Factory | Evolved 2 slots: Power x1, Utility x1 11477 | -5/Factory | Loaded intel: 20 terminal locations 11478 | -5/Factory | Loaded intel: 4 garrison access locations 11559 | -5/Factory | Identified exit to Upper Caves 11725 | -5/Factory | Fabricated Adv. Hacking Suite (x1) 11768 | -5/Factory | Local fabrication network quarantined 11943 | -5/Factory | Sucked down chute 11943 | -5/Factory | Entered Waste 11943 | -5/Waste | The area was eerily silent 11951 | -5/Waste | Found Unknown Launcher 11952 | -5/Waste | Identified Gamma Bomb Array 12080 | -5/Waste | Discovered new exit (range 16) 12207 | -5/Waste | Identified exit to Factory 12209 | -5/Waste | Entered Factory 12307 | -5/Factory | Repaired Gamma Bomb Array 12530 | -5/Factory | Build established: Hacker-Mutant 12759 | -5/Factory | Repaired Broken Cmb. Antigrav System? 13030 | -5/Factory | Fabricated Cmb. Antigrav System (x2) 13094 | -5/Factory | Local fabrication network quarantined 13095 | -5/Factory | Fabricated Cmb. Antigrav System (x2) 13260 | -5/Factory | Entered Upper Caves 13281 | -5/Upper Caves | Encountered a Warlord checkpoint 13653 | -5/Upper Caves | Identified exit to Upper Caves 13680 | -5/Upper Caves | Entered another Upper Caves area 13764 | -5/Upper Caves | Discovered new exit (range 9) 13768 | -5/Upper Caves | Identified exit to Factory 13819 | -5/Upper Caves | Attracted the attention of an 0b10 checkpoint 13984 | -5/Upper Caves | Discovered new exit (range 8) 13988 | -5/Upper Caves | Identified exit to Zhirov 14001 | -5/Upper Caves | Entered Zhirov 14001 | -5/Zhirov | Discovered new exit (range 3) 14014 | -5/Zhirov | Met Zhirov 14028 | -5/Zhirov | Learned location of Quarantine (-2) 14028 | -5/Zhirov | Learned location of Testing (-3) 14028 | -5/Zhirov | Learned location of Command (-1) 14039 | -5/Zhirov | Zhirov requested help retrieving the SGEMP Prototype 14050 | -5/Zhirov | Found Alien Artifact 14050 | -5/Zhirov | Identified Integrated Dissipator 14050 | -5/Zhirov | Installed Integrated Dissipator, increased core heat dissipation (+20) 14063 | -5/Zhirov | Found Alien Artifact 14130 | -5/Zhirov | Identified exit to Proximity Caves 14132 | -5/Zhirov | Entered Proximity Caves 14367 | -4/Proximity Caves | Discovered exit to Factory (range 10) 14375 | -4/Proximity Caves | Entered Factory 14375 | -4/Factory | Evolved 2 slots: Utility x2 14439 | -4/Factory | Identified exit to Upper Caves 14439 | -4/Factory | Identified exit to Extension 14840 | -4/Factory | Discovered new exit (range 6) 14876 | -4/Factory | Identified exit to Research 14929 | -4/Factory | Discovered exit to Research (range 15) 14949 | -4/Factory | Found Prototype Hackware 14949 | -4/Factory | Identified Exp. System Shield 15093 | -4/Factory | Fabricated Cld. Plasma Cannon? 15271 | -4/Factory | Local fabrication network quarantined 15343 | -4/Factory | Sucked down chute 15343 | -4/Factory | Entered Waste 15346 | -4/Waste | Spotted C-40 Crusher 15358 | -4/Waste | EMP discharged 15362 | -4/Waste | Spotted C-40 Crusher 15369 | -4/Waste | Spotted C-40 Crusher 15374 | -4/Waste | Spotted C-40 Crusher 15374 | -4/Waste | Spotted C-40 Crusher 15376 | -4/Waste | Spotted C-40 Crusher 15382 | -4/Waste | Discovered new exit (range 11) 15388 | -4/Waste | Identified exit to Factory 15391 | -4/Waste | Entered Factory 15529 | -4/Factory | Fabricated Cld. Plasma Cannon (x1) 15587 | -4/Factory | Local fabrication network quarantined 15614 | -4/Factory | Fabricated Cld. Plasma Cannon (x1) 15662 | -4/Factory | Identified Transdimensional Reconstructor 15662 | -4/Factory | Warped through subspace 15761 | -4/Factory | Discovered exit to Research (range 13) 15807 | -4/Factory | Entered Extension 16057 | -4/Extension | First assault squad dispatched 16339 | -4/Extension | Spotted B-86 Titan 16355 | -4/Extension | Destroyed B-86 Titan 16403 | -4/Extension | Spotted B-86 Titan 16430 | -4/Extension | Destroyed B-86 Titan 16452 | -4/Extension | Rescued a captive Derelict 16551 | -4/Extension | Rescued a captive Derelict 16565 | -4/Extension | Rescued A7 16752 | -4/Extension | Discovered exit to Research (range 10) 16753 | -4/Extension | Discovered new exit (range 6) 16757 | -4/Extension | Identified exit to Cetus 16794 | -4/Extension | Entered Cetus 16794 | -4/Cetus | Accompanied by 11 allies (A7) 16799 | -4/Cetus | Acquired a Cetus Manufacturing Module code from A7 16809 | -4/Cetus | Spotted Cetus Guard 16809 | -4/Cetus | Spotted Cetus Guard 16813 | -4/Cetus | Destroyed Cetus Guard 16813 | -4/Cetus | Spotted Cetus Guard 16816 | -4/Cetus | Destroyed Cetus Guard 16816 | -4/Cetus | Spotted Cetus Guard 16819 | -4/Cetus | Destroyed Cetus Guard 16820 | -4/Cetus | Destroyed Cetus Guard 16863 | -4/Cetus | Started Cetus Manufacturing Module 16868 | -4/Cetus | Escorted A7 to Cetus Mainframe 16888 | -4/Cetus | Manufactured an Enhanced Grunt 16913 | -4/Cetus | Manufactured an Enhanced Grunt 16938 | -4/Cetus | Manufactured an Enhanced Grunt 16948 | -4/Cetus | Found a strange terminal 16963 | -4/Cetus | Manufactured an Enhanced Grunt 16988 | -4/Cetus | Manufactured an Enhanced Grunt 17068 | -4/Cetus | Destroyed A7 17069 | -4/Cetus | Extracted ID and sensor layout for unrecognized location from A7's data core 17072 | -4/Cetus | Found Med. Regenerative Plating 17114 | -4/Cetus | Discovered new exit (range 16) 17151 | -4/Cetus | Spotted Cetus Guard 17151 | -4/Cetus | Spotted Cetus Guard 17152 | -4/Cetus | Spotted Cetus Guard 17152 | -4/Cetus | Spotted Cetus Guard 17160 | -4/Cetus | Allies destroyed Cetus Guard 17162 | -4/Cetus | Allies destroyed Cetus Guard 17164 | -4/Cetus | Allies destroyed Cetus Guard 17168 | -4/Cetus | Allies destroyed Cetus Guard 17176 | -4/Cetus | Discovered exit to Research (range 15) 17180 | -4/Cetus | Met Revision 17 17210 | -4/Cetus | Identified exit to Archives 17213 | -4/Cetus | System corruption reached 10% 17239 | -4/Cetus | Entered Archives 17239 | -4/Archives | Accompanied by 6 allies 17309 | -4/Archives | Discovered new exit (range 16) 17318 | -4/Archives | Discovered new exit (range 14) 17326 | -4/Archives | Identified exit to Hub_04(d) 17342 | -4/Archives | Entered Hub_04(d) 17342 | -4/Hub_04(d) | Accompanied by 2 allies 17587 | -4/Hub_04(d) | Garrison activated, responded to threat 17669 | -4/Hub_04(d) | Network Hub disabled 17673 | -4/Hub_04(d) | Spotted Lightning 17676 | -4/Hub_04(d) | Spotted Lightning 17677 | -4/Hub_04(d) | Destroyed 10 combat bots 17677 | -4/Hub_04(d) | Spotted Lightning 17677 | -4/Hub_04(d) | Entered Research 17677 | -3/Research | Evolved 2 slots: Utility x2 17692 | -3/Research | Spotted B-86 Titan 17819 | -3/Research | Identified exit to Armory 17819 | -3/Research | Identified exit to Testing 17877 | -3/Research | Revision forces began assault on 0b10 17895 | -3/Research | Met up with Revision 17++ 18003 | -3/Research | Repaired Cmb. Antigrav System 18026 | -3/Research | Repaired Cmb. Antigrav System 18149 | -3/Research | Entered Testing 18192 | -3/Testing | Found Gamma Bomb Array 18217 | -3/Testing | Adv. Hacking Suite fried by hacking feedback 18232 | -3/Testing | Fabricated Exp. Sensor Array? 18253 | -3/Testing | Local fabrication network quarantined 18280 | -3/Testing | Fabricated Cmb. Linear Gravjet (x2) 18406 | -3/Testing | Found Prototype Energy Cannon 18406 | -3/Testing | Identified Hpw. Disruptor Cannon 18508 | -3/Testing | Build established: Scavenger-Mutant 18528 | -3/Testing | Found Prototype Energy Cannon 18660 | -3/Testing | Spotted PX-T4DIMJ9TVB 18735 | -3/Testing | Discovered new exit (range 8) 18737 | -3/Testing | Identified exit to Research 18738 | -3/Testing | Entered Research 18738 | -2/Research | Evolved 2 slots: Utility x2 18762 | -2/Research | Lost 4 parts (2p1u1w) 18773 | -2/Research | Found Exp. Transmission Jammer 19030 | -2/Research | Identified exit to Access 19033 | -2/Research | Spotted B-90 Cyclops 19033 | -2/Research | Discovered new exit (range 14) 19037 | -2/Research | Identified exit to Quarantine 19037 | -2/Research | Entered Quarantine 19104 | -2/Quarantine | Repaired Cmb. Linear Gravjet 19139 | -2/Quarantine | Repaired Cmb. Antigrav System 19257 | -2/Quarantine | Cryocooling Duct disabled 19272 | -2/Quarantine | Ambient heat levels rising (+20) 19272 | -2/Quarantine | Non-combat units ordered to evacuate 19275 | -2/Quarantine | Discovered exit to Access (range 13) 19298 | -2/Quarantine | Found Alien Artifact 19433 | -2/Quarantine | Found Alien Artifact 19593 | -2/Quarantine | Identified Core Reset Matrix 19593 | -2/Quarantine | Identified Subatomic Replicator 19593 | -2/Quarantine | Used Core Reset Matrix 19597 | -2/Quarantine | Detected hypermatrix surge 19597 | -2/Quarantine | Sensed 11 artifacts in vicinity 19650 | -2/Quarantine | Crushed by falling debris 19654 | -2/Quarantine | Found Hpw. Transdimensional Reconstructor 19660 | -2/Quarantine | Found Hpw. Transdimensional Reconstructor 19667 | -2/Quarantine | Found Dimensional Node Initializer 19673 | -2/Quarantine | Found Hpw. Transdimensional Reconstructor 19673 | -2/Quarantine | Warped through subspace 19741 | -2/Quarantine | Spotted Fortress 19761 | -2/Quarantine | Discovered new exit (range 6) 19762 | -2/Quarantine | Identified exit to Section 7 19790 | -2/Quarantine | Entered Section 7 19791 | -2/Section 7 | Sensed 26 artifacts in vicinity 19806 | -2/Section 7 | Found Integrity Redistributor 19819 | -2/Section 7 | Self-destructed Last Messages --------------- 19724_ System corrupted: Energy discharge (-173). 19736_ Dropped Adv. Energy Well. 19737_ Extracted 800 energy. 19738_ Acquired Adv. Energy Well. 19742_ Knocked back. 19760_ System corrupted: Substantial component data lost. 19761_ EXIT=FOUND 19762_ EXIT=IDENTIFIED: SECTION 7 LOCATION=SECTION 7 GOAL=ESCAPE 19791_ Sensed 26 artifacts in vicinity. 19800_ System corrupted: Gamma Rifle targeting data glitched. 19803_ Suspension Chamber breached. 19806_ Acquired Integrity Redistributor. 19819_ Connecting with Terminal... >>Trojan(Botnet) Trojan loaded successfully. Testing... Terminal linked with 0 systems. Awaiting botnet instructions. Map ----- +----------------------------------------------------+ | ????????????#k ???????????????????????? | | ????????????# #??????????????????????? | | ?Y??????????# #??????????????????????? | | ????????????# #????????????????k?????? | | ????????????# #??????????????????????? | | ????????????# #??????????????????????? | | ????????????#u ##?????????????????????? | | ????????????# T"?????????????w???????? | | ????????????# "??????????????????????? | | ############# #?????C????????????????? | | # # #??????????????????????? | | # # #??????????????????????? | | # # #??????????????????????? | | # """ # #???????????????????R??? | | # " " # ####??????p??w?????????? | | # """ # #??????ug???????????? | | # "" + #????????g??????????? | | # # #????????g??????????? | | # "" # #????????l??????????? | | # """ ####+#####??????R???????????? | | # " # #??????????????????? | | # """ # #??????????????????? | | # # #???????k??????????? | | ############# "" #??????????????????? | | ????????????# """ #??????????????????? | | ????????????# "T@ #??????????????????? | | ????????????# """ #??????????????????? | | ????????????# "" #??????????????????? | | ????????????# #??????????????????? | | ????????????####+#####??????????????????? | | ????????????????????????????????????????? | | ????????????????????????????????????????? | | ????????????????????????????????????????? | | ????????????????????????????????????????? | | ????????????????????????????????????????? | | ????????????????????????????????????????? | | ????????????????????????????????????????? | | | | | | | | | | | | | | | | | | | | | | | | | | | +----------------------------------------------------+ Best States ------------- Heat Dissipation 131 Energy Generation 41 Energy Capacity 2060 Matter Stores 300 Matter Capacity 300 Sight Range 16 Robot Scan Range 30 Terrain Scan Density 10 Jamming Range 22 Armor Coverage 300 Resistance: KI 20 Core Shielding 40 Evasion (%) 59 Armor Integrity Analysis 50 Particle Charging 25 Offensive Hacking 42 Defensive Hacking 16 Item Schematics ----------------- None Robot Schematics ------------------ None Fabricated ------------ Cmb. Airjet | x2 | -7/Factory Cmb. Airjet | x2 | -7/Factory Cmb. Gravmag System | x2 | -6/Factory Exp. Signal Interpreter | x1 | -6/Factory Cmb. Gravmag System | x2 | -6/Factory Adv. Hacking Suite | x1 | -5/Factory Cmb. Antigrav System | x2 | -5/Factory Cmb. Antigrav System | x2 | -5/Factory Cld. Plasma Cannon | x1 | -4/Factory Cld. Plasma Cannon | x1 | -4/Factory Exp. Sensor Array | x1 | -3/Testing Cmb. Linear Gravjet | x2 | -3/Testing Alien Tech Used ----------------- Core Expander Integrated Dissipator Transdimensional Reconstructor Core Reset Matrix High-powered Transdimensional Reconstructor Achievements -------------- None Challenges ------------ None Game ------ Seed OmegaBoreExpander Manual? 0 Play Time 03:52:34 Cumulative 1116.1 hours Start 2020.11.02 @ 19:17:52 End 2020.11.03 @ 20:11:06 Sessions 3 Manual Loads 0 Difficulty Rogue Special Mode Halloween2020/ForbiddenLore Game No. 363 Rogue 363 Adventurer 0 Explorer 0 Win Type - Total 80 Types 14/9/36/5/1/2/12/0/1 Lore% 96 Gallery% 95 Achievement% 85 Wizard Run 0 Options --------- ASCII 0 Keyboard 0 Movement Numpad Keybinds 0 Fullscreen 1 Font 18/SmallcapsGlow Map View 76x50 Tactical HUD 1 Map Filters NONE Filters NONE Steam 1 RUN: 2e8955d5-e822-4376-9c8d-986691b33890